 Dungeon Crawl Stone Soup version 0.22.1-1-ga44c0e56f4 (webtiles) character file.

16171460 MeekVeins the Petrodigitator (level 27, 304/304 HPs)
             Began as a Naga Venom Mage on Sept 25, 2018.
             Was the Champion of Cheibriados.
             Escaped with the Orb
             ... and 15 runes on Sept 29, 2018!
             The game lasted 12:31:30 (97762 turns).

MeekVeins the Petrodigitator (Naga Venom Mage)     Turns: 97762, Time: 12:31:31

Health: 304/304    AC: 33    Str: 27    XL:     27
Magic:  50/64      EV: 22    Int: 45    God:    Cheibriados [******]
Gold:   9757       SH: 32    Dex: 30    Spells: 11/80 levels left

rFire    + + +     SeeInvis +     - Unarmed
rCold    + + .     Gourm    .   J - +6 large shield {rN+}
rNeg     + + +     Faith    .   d - +2 robe {Archmagi}
rPois    +         Spirit   .   l - +3 hat of Pondering {ponderous, MR+ MP+10 Int+5}
rElec    +         Reflect  +   X - +2 cloak of Ummehumm {rF+ rC+}
rCorr    +         Harm     .   g - +2 pair of gloves {Dex+3}
MR       +++++     Rnd*Rage +   G - +4 naga barding {Stlth+}
Stlth    ++........             t - amulet "Puudeun" {Reflect Int+3 Dex+2 SH+3}
HPRegen  0.00/turn              q - ring of Naeg {rCorr rF++ rN+ MR+}
MPRegen  0.39/turn              V - ring "Qyrraotu" {rC+ rN++ Dex-3 Slay+3}

@: tornado, flying (expiring), very slow
A: large, stinger 1, repulsion field 1, see invisible, berserk 1, blink, clumsy
1, deformed body, dopey 1, poison resistance, robust 1, electricity resistance,
slowness 2, inhibited regeneration, slow metabolism 1, spit poison 1, constrict
1, AC +9
0: Orb of Zot
}: 15/15 runes: serpentine, barnacled, slimy, silver, golden, iron, obsidian,
icy, bone, abyssal, demonic, glowing, magical, fiery, dark
a: Spit Poison, Blink, Bend Time, Temporal Distortion, Slouch, Step From Time,
Renounce Religion


You escaped.
You worshipped Cheibriados.
Cheibriados was exalted by your worship.
You were full.

You visited 18 branches of the dungeon, and saw 90 of its levels.
You visited Pandemonium 2 times, and saw 22 of its levels.
You visited the Abyss 2 times.
You visited 1 bazaar.
You completed 1 ziggurat, and saw 27 of its levels.
You also visited: Labyrinth and Wizlab.

You collected 17963 gold pieces.
You spent 8206 gold pieces at shops.

Inventory:

Hand Weapons
 n - the +10 dark maul (quivered) {crush}
   (You found it on level 25 of a ziggurat)

   It inflicts extra damage upon your enemies.
Missiles
 Z - a throwing net
Armour
 d - a +2 robe of the Archmagi (worn)
 g - a +2 pair of gloves of dexterity (worn)
 l - the +3 hat of Pondering (worn) {ponderous, MR+ MP+10 Int+5}
   (You found it on level 5 of the Pits of Slime)

   It affects your intelligence (+5).
   It affects your resistance to hostile enchantments.
   It affects your magic capacity (+10).
 G - a +4 naga barding of stealth (worn)
 J - a +6 large shield of positive energy (worn)
 X - the +2 cloak of Ummehumm (worn) {rF+ rC+}
   (You bought it in a shop on level 5 of the Vaults)

   It protects you from fire.
   It protects you from cold.
Magical Staves
 b - an uncursed staff of earth
Jewellery
 q - the ring of Naeg (left hand) {rCorr rF++ rN+ MR+}
   (You found it on level 26 of a ziggurat)

   [ring of resist corrosion]

   It greatly protects you from fire.
   It protects you from negative energy.
   It affects your resistance to hostile enchantments.
 t - the amulet "Puudeun" (around neck) {Reflect Int+3 Dex+2 SH+3}
   (You took it off an orc on level 9 of the Dungeon)

   [amulet of reflection]

   It shields you and reflects attacks.
   It affects your intelligence (+3).
   It affects your dexterity (+2).
   It affects your SH (+3).
 P - the ring of Hoanam {AC+3 Slay+6}
   (You found it in Pandemonium)

   [ring of protection]

   It affects your AC (+3).
   It affects your accuracy and damage with ranged weapons and melee attacks
   (+6).
 S - the ring of Cifia {+Fly rElec rPois rF++ MP+9}
   (You found it in a wizard's laboratory)

   [ring of flight]

   It greatly protects you from fire.
   It insulates you from electricity.
   It protects you from poison.
   It affects your magic capacity (+9).
   It lets you fly.
 V - the ring "Qyrraotu" (right hand) {rC+ rN++ Dex-3 Slay+3}
   (You found it on level 7 of Tartarus)

   [ring of protection from cold]

   It affects your dexterity (-3).
   It affects your accuracy and damage with ranged weapons and melee attacks
   (+3).
   It protects you from cold.
   It greatly protects you from negative energy.
Wands
 A - a wand of acid (31)
 D - a wand of digging (38)
 O - a wand of clouds (18)
Scrolls
 c - 3 scrolls of holy word
 h - 4 scrolls of fear
 m - 3 scrolls of amnesia
 u - 16 scrolls of vulnerability
 w - 4 scrolls of enchant weapon
 x - 6 scrolls of immolation
 y - 10 scrolls of silence
 B - 7 scrolls of blinking
 E - 3 scrolls of summoning
 L - 26 scrolls of fog
 M - 2 scrolls of magic mapping
 N - 36 scrolls of remove curse
 R - 13 scrolls of identify
 T - 27 scrolls of teleportation
Potions
 a - 5 potions of resistance
 e - 5 potions of might
 i - 3 potions of magic
 o - 20 potions of heal wounds
 p - a potion of cancellation
 r - 5 potions of ambrosia
 v - 9 potions of flight
 C - 7 potions of invisibility
 F - 11 potions of mutation {!q}
 H - 11 potions of agility
 K - 18 potions of brilliance
 Q - 30 potions of curing
Miscellaneous
 f - 8 phantom mirrors
 k - a crystal ball of energy
 s - a lightning rod (4/4)
 U - 11 boxes of beasts
 W - 13 sacks of spiders
 Y - a lamp of fire
Comestibles
 z - 68 rations


   Skills:
 O Level 27 Fighting
 - Level 4.0 Maces & Flails
 - Level 12.0 Armour
 - Level 12.0 Dodging
 - Level 12.0 Stealth
 - Level 15.0 Shields
 O Level 27 Unarmed Combat
 O Level 27 Spellcasting
   Level 1.0 Conjurations
 - Level 4.0 Charms
 - Level 6.0 Summonings
 - Level 19.0 Necromancy
 + Level 26.2 Translocations
 - Level 12.0 Transmutations
 O Level 27 Air Magic
 O Level 27 Earth Magic
   Level 7.1 Poison Magic
 - Level 12.0 Invocations
 - Level 12.0 Evocations


You had 11 spell levels left.
You knew the following spells:

 Your Spells              Type           Power        Failure   Level  Hunger
a - Malign Gateway        Summ/Tloc      ########..   1%          7    None
b - Tornado               Air            #########.   1%          9    None
c - Shatter               Erth           #########.   1%          9    None
e - Lesser Beckoning      Tloc           #########.   0%          3    None
g - Passage of Golubria   Tloc           N/A          0%          4    None
s - Summon Lightning Spi  Summ/Air       ########     0%          4    None
x - Statue Form           Tmut/Erth      #########    0%          6    None
B - Blink                 Tloc           N/A          0%          2    None
G - Deflect Missiles      Chrm/Air       ########..   1%          6    None
H - Borgnjor's Revivific  Necr           ########..   1%          8    None
N - Controlled Blink      Tloc           N/A          1%          8    None
R - Regeneration          Chrm/Necr      ########..   0%          3    None

Your spell library contained the following spells:

 Spells                   Type           Power        Failure   Level  Hunger
 Animate Skeleton         Necr           N/A          0%          1    None
 Apportation              Tloc           ######       0%          1    None
 Beastly Appendage        Tmut           ######       0%          1    None
 Pain                     Necr           ####         0%          1    None
 Sandblast                Erth           ######       0%          1    None
 Shock                    Conj/Air       ####         0%          1    None
 Corpse Rot               Necr           N/A          0%          2    None
 Passwall                 Tmut/Erth      ########     0%          2    None
 Poisonous Vapours        Pois/Air       ######       0%          2    None
 Shroud of Golubria       Chrm/Tloc      ########..   0%          2    None
 Sticks to Snakes         Tmut           ########     0%          2    None
 Sublimation of Blood     Necr           ########..   0%          2    None
 Swiftness                Chrm/Air       ########     0%          2    None
 Gell's Gravitas          Tloc           #########.   0%          3    None
 Mephitic Cloud           Conj/Pois/Air  ########     0%          3    None
 Portal Projectile        Hex/Tloc       ######       0%          3    None
 Recall                   Summ/Tloc      N/A          0%          3    None
 Spider Form              Tmut/Pois      ########..   0%          3    None
 Static Discharge         Conj/Air       ########     0%          3    None
 Stone Arrow              Conj/Erth      ######       0%          3    None
 Teleport Other           Tloc           ########     0%          3    None
 Vampiric Draining        Necr           ########..   0%          3    None
 Airstrike                Air            #########.   0%          4    None
 Animate Dead             Necr           N/A          0%          4    None
 Force Lance              Conj/Tloc      ########     0%          4    None
 Leda's Liquefaction      Hex/Erth       ########..   0%          4    None
 Petrify                  Tmut/Erth      ########     0%          4    None
 Borgnjor's Vile Clutch   Necr/Erth      #########.   0%          5    None
 Dispel Undead            Necr           ########     0%          5    None
 Lee's Rapid Deconstruct  Erth           #########.   0%          5    None
 Summon Forest            Summ/Tloc      ########..   0%          5    None
 Death Channel            Necr           ########..   0%          6    None
 Dispersal                Tloc           #########.   0%          6    None
 Confusing Touch          Hex            ######       1%          1    None
 Corona                   Hex            ######.      1%          1    None
 Flame Tongue             Conj/Fire      #####        1%          1    None
 Freeze                   Ice            ####         1%          1    None
 Infusion                 Chrm           ####         1%          1    None
 Magic Dart               Conj           ####         1%          1    None
 Sting                    Conj/Pois      ####         1%          1    None
 Summon Butterflies       Summ           ########     1%          1    None
 Summon Small Mammal      Summ           ####         1%          1    None
 Call Imp                 Summ           ########     1%          2    None
 Ensorcelled Hibernation  Hex/Ice        ######       1%          2    None
 Searing Ray              Conj           ######       1%          2    None
 Slow                     Hex            ######..     1%          2    None
 Song of Slaying          Chrm           #######.     1%          2    None
 Throw Flame              Conj/Fire      ######       1%          2    None
 Throw Frost              Conj/Ice       ######       1%          2    None
 Call Canine Familiar     Summ           ########     1%          3    None
 Confuse                  Hex            ######..     1%          3    None
 Conjure Flame            Conj/Fire      #######.     1%          3    None
 Dazzling Spray           Conj/Hex       ######       1%          3    None
 Ignite Poison            Fire/Tmut/Pois ########     1%          3    None
 Inner Flame              Hex/Fire       ######..     1%          3    None
 Ozocubu's Armour         Chrm/Ice       #######.     1%          3    None
 Spectral Weapon          Hex/Chrm       #######.     1%          3    None
 Summon Guardian Golem    Hex/Summ       #######.     1%          3    None
 Tukima's Dance           Hex            ######..     1%          3    None
 Fulminant Prism          Conj/Hex       #######...   1%          4    None
 Ice Form                 Ice/Tmut       ########     1%          4    None
 Iskenderun's Mystic Bla  Conj           #######.     1%          4    None
 Olgreb's Toxic Radiance  Pois           ########     1%          4    None
 Sticky Flame             Conj/Fire      #######.     1%          4    None
 Summon Ice Beast         Ice/Summ       #######.     1%          4    None
 Throw Icicle             Conj/Ice       #######.     1%          4    None
 Alistair's Intoxication  Tmut/Pois      ########     1%          5    None
 Aura of Abjuration       Summ           ########..   1%          5    None
 Blade Hands              Tmut           ########..   1%          5    None
 Bolt of Draining         Conj/Necr      ########..   1%          5    None
 Bolt of Magma            Conj/Fire/Erth ########..   1%          5    None
 Excruciating Wounds      Chrm/Necr      ########..   1%          5    None
 Irradiate                Conj/Tmut      ########..   1%          5    None
 Lightning Bolt           Conj/Air       ########..   1%          5    None
 Silence                  Hex/Air        ########..   1%          5    None
 Summon Demon             Summ           ########..   1%          5    None
 Summon Mana Viper        Hex/Summ       #######.     1%          5    None
 Venom Bolt               Conj/Pois      #######...   1%          5    None
 Yara's Violent Unravell  Hex/Tmut       ########..   1%          5    None
 Conjure Ball Lightning   Conj/Air       ########..   1%          6    None
 Freezing Cloud           Conj/Ice/Air   ########..   1%          6    None
 Hydra Form               Tmut           ########..   1%          6    None
 Iron Shot                Conj/Erth      ########..   1%          6    None
 Simulacrum               Ice/Necr       ########..   1%          6    None
 Dragon Form              Tmut           ########..   1%          7    None
 Haunt                    Necr/Summ      ########..   1%          7    None
 Disjunction              Tloc           #########.   1%          8    None
 Infestation              Necr           ########..   1%          8    None
 Cause Fear               Hex            ######....   2%          4    None
 Iskenderun's Battlesphe  Conj/Chrm      #######.     2%          5    None
 Shadow Creatures         Summ           N/A          2%          6    None
 Necromutation            Tmut/Necr      ########..   2%          8    None
 Fireball                 Conj/Fire      #######...   4%          5    None
 Chain Lightning          Conj/Air       ########..   4%          8    None
 Lehudib's Crystal Spear  Conj/Erth      ########..   4%          8    None
 Metabolic Englaciation   Hex/Ice        ######....   6%          5    None
 Poison Arrow             Conj/Pois      #######...   6%          6    None
 Death's Door             Chrm/Necr      ########..   13%         8    None
 Monstrous Menagerie      Summ           ########..   16%         7    None
 Summon Greater Demon     Summ           ########..   16%         7    None
 Summon Hydra             Summ           ########..   16%         7    None
 Bolt of Fire             Conj/Fire      #######...   26%         6    None
 Darkness                 Hex            ######....   32%         6    None
 Invisibility             Hex            ######..     32%         6    None
 Spellforged Servitor     Conj/Summ      #######...   41%         7    None
 Ring of Flames           Chrm/Fire      #######...   63%         7    None
 Orb of Destruction       Conj           #######...   77%         7    None
 Summon Horrible Things   Summ           ########..   77%         8    None
 Discord                  Hex            ######....   100%        8    None
 Ignition                 Fire           ######....   100%        8    None
 Dragon's Call            Summ           ########..   100%        9    None
 Fire Storm               Conj/Fire      #######...   100%        9    None
 Glaciate                 Conj/Ice       #######...   100%        9    None


Dungeon Overview and Level Annotations

Branches:
Dungeon (15/15)            Temple (1/1) D:5            Lair (6/6) D:8
 Shoals (4/4) Lair:3        Snake (4/4) Lair:4        Slime (5/5) Lair:6
    Orc (2/2) D:12            Elf (3/3) Orc:2        Vaults (5/5) D:13
  Crypt (3/3) Vaults:3       Tomb (3/3) Crypt:3      Depths (5/5) D:15
   Hell (1/1)                 Dis (7/7) Hell            Geh (7/7) Hell
    Coc (7/7) Hell            Tar (7/7) Hell            Zot (5/5) Depths:5

Altars:
Cheibriados
Fedhas
Gozag
Hepliaklqana
Kikubaaqudgha
Nemelex Xobeh
Okawaru
Qazlal
Trog
Vehumet
Wu Jian
Xom
Yredelemnul
The Shining One
Jiyva
Lugonu

Shops:
D:9 [==[   Orc:2 ![(=   Elf:1 }==   Elf:2 :   Elf:3 }   Shoals:1 *   Snake:1 [
Snake:4 *   Vaults:1 ?*}!   Vaults:4 *   Vaults:5 =[

Portals:
Hell: Depths:1 Depths:2 Depths:3 Depths:4 Depths:5
Abyss: Depths:3 Depths:4
Pandemonium: Depths:3 Depths:4

Annotations:
D:5 1 exclusion, Prince Ribbit
D:6 exclusion: downstairs
Snake:3 exclusion: 2 downstairs
Snake:4 exclusion: door
Zot:5 1 exclusion


Innate Abilities, Weirdness & Mutations

You cannot wear boots.
Your serpentine skin is tough. (AC +9)
You have supernaturally acute eyesight. (SInv)
Armour fits poorly on your strangely shaped body.
Your system is resistant to poisons. (rPois)
You cover ground very slowly.
You have a slow metabolism.
You can spit poison.
You can use your snake-like lower body to constrict enemies.
Your tail ends in a poisonous barb.
You are surrounded by a mild repulsion field. (EV +2)
You tend to lose your temper in combat.
You can translocate small distances at will.
You are clumsy. (Dex -2)
You are dopey. (Int -2)
You are robust. (+10% HP)
You are resistant to electric shocks. (rElec)
You do not regenerate when monsters are visible.


Message History

Evoke which item? (* to show all) (? for menu, Esc to quit)
Aiming: Dig
Press: ? - help, Shift-Dir - straight line A rock wall.
This square is covered in magical glow.
The rock shatters into small pieces.
There is a staircase leading out of the dungeon here.
Casting: Statue Form (safe; 0% risk of failure)
Confirm with . or Enter, or press ? or * to list all spells.
You feel a surge of power!
The dungeon shakes, a horrible noise fills the air, and a portal to some
Casting: Malign Gateway (safe; 1% risk of failure)
Confirm with . or Enter, or press ? or * to list all spells.
You can't see any susceptible monsters within range! (Use Z to cast anyway.)
Casting: Malign Gateway (safe; 1% risk of failure)
Confirm with . or Enter, or press ? or * to list all spells.
You feel a surge of power!
A great vortex of raging winds appears and lifts you up.
An eldritch tentacle comes into view.
You have escaped!

##.#.###### #.##.#
#.#...... ##.#.#
#.##.## #.#..#.#.
...#.### #.##..#
#.#....#. .......#
##.###.# #.#....#.
.......# #§§§##.#
#.#...... .......#
#§*§##.## #.#....##
.....).# ##§§w##..#
#.#...... .......#
#§§§§§##.###.#...###
.......#
#§§@§§#(............
.......#
#§§§§§#..###.##...##
########
##§§§##...........#
#§§§§#...##.###..#
#§§§#..#.##.# #.[#
##### ##.###.#..#.#
#..# #...# #.#
#....#.# #..# #...#
#.# #.#....###).#
#####...########.#
#.#.........#


You could see an eldritch tentacle.

Vanquished Creatures
  Cerebov (Pan)
  Asmodeus (Geh:7)
  Dissolution (Slime:4)
  Antaeus (Coc:7)
  Gloorx Vloq (Pan)
  Ereshkigal (Tar:7)
  the Royal Jelly (Slime:5)
  Lom Lobon (Pan)
  the Serpent of Hell (Coc:7)
  Mnoleg (Pan)
  A seraph (Pan)
  8 orbs of fire
  8 ancient liches
  A juggernaut (Depths:2)
  50 greater mummies
  13 shard shrikes
  10 pandemonium lords
  4 curse toes
  2 Killer Klowns (Zot:5)
  2 caustic shrikes
  Geryon (Hell)
  12 golden dragons
  Nikola (Shoals:4)
  22 bone dragons
  A pearl dragon (Pan)
  46 Tzitzimimeh
  A profane servitor (Zig:24)
  11 doom hounds
  5 electric golems
  6 iron giants
  31 Brimstone Fiends
  Rupert (D:13)
  A Cloud Mage (WizLab)
  20 tentacled monstrosities
  18 Ice Fiends
  25 Orb Guardians
  13 Hell Sentinels
  13 quicksilver dragons
  22 deep elf master archers
  17 liches
  33 acid blobs
  11 titans
  Murray (Hell)
  9 death cobs
  25 deep elf blademasters
  6 eldritch tentacles
  Gastronok (D:8)
  14 sphinxes
  9 tentacled starspawn
  19 Executioners
  31 ancient champions
  Kirke (D:13)
  19 storm dragons
  25 azure jellies
  17 daevas (Pan)
  21 shadow dragons
  Donald (Crypt:1)
  6 revenants
  13 draconian monks
  5 tengu reavers
  7 draconian knights
  11 nagarajas
  13 vault wardens
  The ghost of Sergey the Severer, a journeyman DDFi of Makhleb (Shoals:4)
  11 frost giants
  17 cacodemons
  15 fire giants
  10 deep elf sorcerers
  42 balrugs
  6 ghost moths
  4 iron dragons
  7 draconian shifters
  12 draconian scorchers
  An orc warlord (Zig:12)
  8 curse skulls
  9 draconian stormcallers
  Louise (Snake:1)
  6 juggernaut zombies
  8 warmongers (Pan)
  25 very ugly things
  27 angels
  90 reapers
  4 caustic shrike skeletons
  4 ghouls
  4 deep elf elementalists
  4 caustic shrike zombies
  7 draconian annihilators
  13 ironheart preservers
  3 elemental wellsprings
  24 stone giants
  4 spriggan defenders
  3 entropy weavers
  12 ophanim (Pan)
  19 vampire knights
  12 blood saints
  16 war gargoyles
  22 apis (Pan)
  7 lorocyprocas
  17 bennus
  15 green draconians
  8 black suns
  20 purple draconians
  8 corrupters
  9 red draconians
  18 black draconians
  28 deep elf demonologists
  2 dire elephants (Zig:13)
  A minotaur (Lab)
  14 yellow draconians
  23 deep elf annihilators
  13 white draconians
  34 blizzard demons
  10 deep elf death magi
  6 ettins
  A merfolk javelineer (Shoals:3)
  6 eidola
  41 mummy priests
  12 spark wasps
  19 green deaths
  12 fire dragons
  8 yaktaur captains
  7 death oozes
  8 merfolk impalers
  Josephine (Orc:1)
  9 quicksilver dragon zombies
  23 deep elf high priests
  A kraken zombie (Coc:5)
  A crystal guardian (Abyss:1)
  2 fire dragons (shapeshifter)
  19 great orbs of eyes
  12 jiangshi
  The ghost of Alamadd the Basher, a journeyman HOAK of Lugonu (Snake:1)
  34 vault guards
  8 ghost crabs
  12 hydras
  9 rakshasas
  8 naga warriors
  20 ice dragons
  7 monstrous demonspawn
  7 quicksilver dragon skeletons
  A juggernaut simulacrum (Depths:2)
  2 death knights
  An anaconda (shapeshifter) (Elf:1)
  6 hell beasts
  An alligator snapping turtle (Shoals:4)
  A merfolk aquamancer (Shoals:4)
  2 merfolk avatars (Shoals:3)
  5 spriggan air magi
  12 ogre magi
  2 satyrs
  29 two-headed ogres
  11 anacondas
  6 centaur warriors
  An alligator (Zig:5)
  5 tengu warriors
  30 death scarabs
  7 deep troll shamans
  Urug (Lair:4)
  The ghost of coier the Slicer, a novice GnWn (D:8)
  21 vampire magi
  26 hell hogs
  3 spriggan berserkers
  13 death yaks
  8 titan zombies
  20 small abominations
  8 deep troll earth magi
  8 orc high priests
  8 naga sharpshooters
  50 dancing weapons
  9 thrashing horrors
  Sonja (Lair:4)
  31 deep elf knights
  70 large abominations
  6 shock serpents
  5 titan skeletons
  4 fire crabs (shapeshifter)
  6 storm dragon skeletons
  6 storm dragon zombies
  69 soul eaters
  53 sun demons
  3 iron trolls
  28 shadow wraiths
  11 cherubim (Pan)
  A spriggan druid (Zig:13)
  8 iron golems
  24 sixfirhies
  119 hell knights
  5 spatial maelstroms
  4 salamander mystics
  A death drake (shapeshifter) (Zig:11)
  15 wretched stars
  10 anaconda zombies
  6 wizards
  123 skeletal warriors
  18 unseen horrors
  A glowing orange brain (shapeshifter) (Zig:11)
  23 deep trolls
  15 sea snakes
  5 golden dragon zombies
  27 shadow demons
  A swamp dragon (Zig:5)
  2 quicksilver dragon simulacra (Depths:5)
  6 gelid demonspawn (Pan)
  12 shadow dragon zombies
  21 flayed ghosts
  7 death drakes
  17 starcursed masses
  14 orc knights
  6 torturous demonspawn
  8 golden dragon skeletons
  18 phantasmal warriors
  A kraken simulacrum (Shoals:4)
  An obsidian statue (Snake:1)
  4 tengu zombies
  13 glowing orange brains
  17 ironbrand convokers
  4 naga ritualists
  A harpy (shapeshifter) (D:14)
  9 mana vipers
  A lindwurm (Lair:6)
  17 deep elf archers
  6 infernal demonspawn
  33 necromancers
  6 anaconda skeletons
  8 wolf spiders
  A mana viper (shapeshifter) (Depths:2)
  10 harpies
  4 tengu skeletons
  7 shadow dragon skeletons
  8 wolf spider zombies
  An orb spider (Zig:10)
  A shining eye (shapeshifter) (Vaults:5)
  4 stone giant zombies
  91 deep elf magi
  30 ugly things
  3 sphinx skeletons
  4 fire giant zombies
  7 orc sorcerers
  7 oklob plants
  A sphinx zombie (Zig:22)
  5 fauns
  3 shining eyes
  A worldbinder (Zig:24)
  5 cyclopes
  11 salamanders
  A moth of wrath (shapeshifter) (Elf:2)
  8 fire giant skeletons
  7 iron dragon zombies
  4 frost giant zombies
  7 manticores
  A faun (shapeshifter) (Vaults:4)
  7 iron dragon skeletons
  11 vault sentinels
  48 rust devils
  6 centaur zombies
  20 moths of wrath
  41 black mambas
  An eye of devastation (shapeshifter) (Zig:21)
  14 guardian serpents
  5 stone giant skeletons
  15 molten gargoyles
  5 elephants
  5 apocalypse crabs
  7 eyes of devastation
  4 ice statues
  13 water nymphs
  2 merfolk sirens
  4 human skeletons
  31 smoke demons
  4 dire elephant zombies
  A water nymph (shapeshifter) (Vaults:5)
  12 naga magi
  5 torpor snails
  8 frost giant skeletons
  20 orange demons (Pan)
  A gargoyle (D:12)
  5 spectral swamp worms (Depths:4)
  A yellow draconian zombie (Crypt:1)
  2 emperor scorpion zombies
  A storm dragon simulacrum (Abyss:1)
  4 shock serpent skeletons
  9 spiny frogs
  4 spriggan zombies
  2 catoblepas zombies
  15 komodo dragons
  42 hellions
  20 efreet
  A rime drake (shapeshifter) (Depths:2)
  60 ice devils
  2 rime drakes
  A spiny frog (shapeshifter) (Zig:14)
  14 demonic crawlers
  47 tormentors
  58 freezing wraiths
  40 yaktaurs
  2 anaconda simulacra (Hell)
  5 harpy zombies
  8 hydra zombies
  A purple draconian skeleton (Crypt:1)
  A white draconian skeleton (Crypt:3)
  A golden dragon simulacrum (Crypt:1)
  23 merfolk
  12 trolls
  2 catoblepas skeletons
  A minotaur skeleton (Lab)
  A tengu conjurer (Depths:1)
  8 silent spectres
  9 hellwings
  A death drake zombie (Crypt:3)
  38 red devils
  17 ancient zymes
  68 guardian mummies
  A black draconian skeleton (Crypt:3)
  7 jumping spiders
  A tyrant leech (Zig:5)
  A polar bear (Lair:5)
  A shadow dragon simulacrum (Coc:5)
  A merfolk (shapeshifter) (Vaults:4)
  5 wind drakes
  6 hornets
  An iron troll skeleton (Crypt:2)
  7 alligator zombies
  8 hydra skeletons
  A blink frog (shapeshifter) (Zig:21)
  2 harpy skeletons
  18 dream sheep
  17 hippogriffs
  A bog body (Zig:5)
  4 fire dragon zombies
  A fire giant simulacrum (Crypt:3)
  9 blink frogs
  62 slime creatures
  6 snapping turtles
  6 ettin zombies
  17 raiju
  8 ice dragon zombies
  4 alligator skeletons
  19 air elementals
  113 flying skulls
  30 shadows
  8 elf zombies
  4 redbacks
  2 spriggans (shapeshifter)
  52 wraiths
  3 tarantellas
  A tarantella (shapeshifter) (Vaults:5)
  30 water elementals
  5 ice dragon skeletons
  8 ettin skeletons
  28 ushabtiu
  2 redbacks (shapeshifter)
  A hog (D:13)
  2 wyverns (Lair:6)
  58 yaks
  8 fire dragon skeletons
  A hog (shapeshifter) (Vaults:1)
  A spriggan (D:8)
  3 vampires (Crypt:3)
  25 fire elementals
  41 ynoxinuls
  A dire elephant simulacrum (Coc:7)
  2 humans (D:7)
  6 basilisks
  14 golden eyes
  A black mamba skeleton (Geh:6)
  6 fire bats
  34 neqoxecs
  A steam dragon (Lair:6)
  27 chaos spawn
  18 hungry ghosts
  3 vampire mosquitoes (Depths:1)
  3 wargs
  An emperor scorpion simulacrum (Tomb:3)
  24 nagas
  An infernal demonspawn zombie (Crypt:1)
  2 merfolk zombies
  2 insubstantial wisps
  3 acid dragons
  23 water moccasins
  5 spiny frog zombies
  70 hell hounds
  7 spiny frog skeletons
  6 porcupines
  3 floating eyes
  A floating eye (shapeshifter) (Zig:14)
  5 black bears
  10 ice beasts
  A merfolk skeleton (Geh:4)
  A spriggan simulacrum (Depths:2)
  7 snapping turtle zombies
  An ice dragon simulacrum (Coc:7)
  7 sky beasts
  2 sky beasts (shapeshifter)
  12 eyes of draining
  An eye of draining (shapeshifter) (Zig:24)
  An alligator simulacrum (Hell)
  25 necrophages
  36 orc warriors
  A swamp dragon zombie (Coc:5)
  A hornet zombie (D:9)
  41 ogres
  11 phantoms
  A wolf (shapeshifter) (Zig:24)
  A boggart (shapeshifter) (Vaults:4)
  A manticore zombie (Crypt:1)
  8 wolves (Lair:3)
  A blink frog zombie (Crypt:1)
  An ettin simulacrum (Depths:5)
  11 elf skeletons
  7 centaurs
  A manticore skeleton (Geh:2)
  4 snapping turtle skeletons
  4 swamp dragon skeletons
  An elf simulacrum (Zig:20)
  3 big kobolds
  14 crocodiles
  14 bullfrogs
  4 earth elementals
  A spiny frog simulacrum (Coc:7)
  A wyvern zombie (D:9)
  A wyvern skeleton (D:8)
  7 scorpions
  A polar bear zombie (Crypt:3)
  11 killer bees
  78 wights
  9 spriggan skeletons
  A howler monkey (D:7)
  An electric eel (D:6)
  18 crimson imps
  2 human simulacra
  4 lava snakes (Lair:6)
  A wolf skeleton (Crypt:2)
  2 human zombies
  38 orc wizards
  7 hounds
  7 jellies
  44 orc priests
  3 quasits
  7 centaur skeletons
  23 iron imps
  2 bullfrog skeletons
  2 iguanas
  A porcupine zombie (Crypt:2)
  11 hell rats
  7 lightning spires
  17 worker ants
  A killer bee zombie (Crypt:1)
  An acid dragon zombie (Crypt:3)
  2 ogre skeletons
  A felid skeleton (Crypt:3)
  A hound skeleton (D:7)
  76 mummies
  A howler monkey zombie (D:8)
  2 worker ant zombies
  2 gnolls
  11 adders
  25 shadow imps
  A steam dragon skeleton (Crypt:2)
  31 white imps
  An ufetubus (Depths:3)
  6 oozes
  3 adder skeletons
  3 adder zombies
  A ball lightning (Pan)
  4 dart slugs
  2 leopard geckos
  94 orcs
  5 ball pythons
  10 bats
  A bat skeleton (Crypt:2)
  7 giant cockroaches
  9 goblins
  6 hobgoblins
  17 kobolds
  4 frilled lizards
  A frilled lizard skeleton (Crypt:3)
  A giant cockroach zombie (Crypt:2)
  A goblin skeleton (D:8)
  2 hobgoblin zombies (D:8)
  3 kobold skeletons (D:8)
  2 kobold zombies
  A leopard gecko skeleton (D:5)
  4 orc skeletons
  An orc zombie (D:8)
  8 rats
  A river rat skeleton (Crypt:1)
  A river rat zombie (Crypt:1)
  3 crawling corpses (Elf:3)
  4 fire vortices
  9 plants
  8 starspawn tentacles
  2 tentacles (Coc:5)
5753 creatures vanquished.

Vanquished Creatures (collateral kills)
  Dispater (Dis:7)
  A Killer Klown (Zot:5)
  2 Brimstone Fiends
  A tentacled monstrosity (Zot:5)
  An Orb Guardian (Zot:5)
  A quicksilver dragon (Zot:1)
  An Executioner (Pan)
  4 acid blobs
  A shadow dragon (Vaults:5)
  A revenant (Tomb:1)
  A tengu reaver (Vaults:4)
  2 azure jellies (Slime:5)
  A draconian monk (Zot:5)
  6 nagarajas (Snake:4)
  2 fire giants
  A deep elf sorcerer (Elf:3)
  A draconian scorcher (Depths:5)
  2 cacodemons (Pan)
  A balrug (Pan)
  3 reapers
  An ironheart preserver (Vaults:4)
  2 draconian stormcallers (Depths:5)
  An angel (Pan)
  2 very ugly things
  A corrupter (Zig:24)
  A deep elf annihilator (Elf:3)
  2 green draconians (Zot:2)
  A black sun (Pan)
  A red draconian (Depths:5)
  A deep elf demonologist (Elf:3)
  A black draconian (Zot:5)
  A yellow draconian (Depths:5)
  A merfolk javelineer (Shoals:4)
  A white draconian (Zot:3)
  A purple draconian (Zot:5)
  An ettin (Vaults:4)
  2 green deaths (Pan)
  A quicksilver dragon zombie (Geh:3)
  A deep elf death mage (Elf:3)
  3 death oozes
  A blizzard demon (Pan)
  A deep elf high priest (Vaults:4)
  A yaktaur captain (Vaults:4)
  6 great orbs of eyes
  4 ogre magi
  An ice dragon (Coc:7)
  A vault guard (Vaults:4)
  A rakshasa (Depths:3)
  3 naga warriors
  A centaur warrior (Vaults:1)
  A hydra (Lair:6)
  A merfolk aquamancer (Shoals:4)
  4 two-headed ogres
  A death scarab (Tomb:1)
  A deep troll shaman (Depths:3)
  A hell hog (Geh:7)
  A naga sharpshooter (Snake:1)
  2 soul eaters
  3 hell knights
  A shadow wraith (Tar:7)
  A salamander mystic (Snake:4)
  3 skeletal warriors
  2 deep elf knights (Elf:1)
  2 sixfirhies (Pan)
  A spatial maelstrom (Zig:24)
  A sea snake (Shoals:3)
  A glowing orange brain (Zig:23)
  2 gelid demonspawn (Pan)
  A flayed ghost (Depths:2)
  A shadow demon (Pan)
  2 torturous demonspawn (Pan)
  A naga ritualist (Snake:4)
  A wizard (Vaults:1)
  4 deep elf archers
  4 harpies
  A mana viper (Snake:4)
  An iron dragon zombie (Zig:22)
  A frost giant zombie (Geh:7)
  4 salamanders
  5 ugly things
  A cyclops (D:14)
  A stone giant zombie (Coc:7)
  2 fauns (Shoals:2)
  2 wolf spiders
  6 deep elf magi
  10 slime creatures
  11 manticores
  6 shining eyes
  3 guardian serpents (Snake:4)
  A vault sentinel (Vaults:2)
  A frost giant skeleton (Tomb:2)
  2 black mambas
  4 merfolk sirens
  2 rust devils
  7 naga magi
  3 orange demons (Pan)
  2 smoke demons
  An apocalypse crab (Pan)
  A water nymph (Shoals:2)
  2 freezing wraiths
  A yaktaur (Vaults:3)
  3 efreet
  A tormentor (Pan)
  3 ice devils (Coc:7)
  An elf skeleton (Zig:22)
  A guardian mummy (Tomb:2)
  20 red devils
  5 wind drakes
  13 merfolk
  A silent spectre (Zig:22)
  2 hippogriffs
  3 snapping turtles
  3 large abominations (Pan)
  A spriggan (D:8)
  A wraith (Depths:5)
  A water elemental (Shoals:4)
  A yak (Lair:6)
  A vampire (D:13)
  A ynoxinul (Pan)
  An ushabti (Tomb:2)
  A hungry ghost (Tar:7)
  2 chaos spawn (Pan)
  6 neqoxecs (Pan)
  A merfolk zombie (Geh:2)
  A warg (Vaults:1)
  18 nagas
  A hell hound (Geh:7)
  A water moccasin (Lair:6)
  2 orc warriors
  3 eyes of draining
  An ettin simulacrum (Depths:5)
  2 necrophages
  3 ogres
  3 centaurs (Vaults:1)
  A water moccasin skeleton (D:7)
  A crimson imp (Pan)
  A starcursed mass (Zig:24)
  An orc priest (Vaults:2)
  2 orc wizards (Vaults:2)
  A hell rat (Hell)
  3 mummies
  A shadow imp (Tar:7)
  A white imp (Coc:7)
  An orc (Vaults:2)
  2 crawling corpses (Elf:3)
  2 plants (Shoals:1)
329 creatures vanquished.

Vanquished Creatures (others)
  A deep elf blademaster (Zig:27)
  A quicksilver dragon (Zot:4)
  3 deep elf master archers
  32 eldritch tentacles
  A tengu reaver (Zig:14)
  A revenant (Tomb:2)
  A vault warden (Zig:14)
  A fire giant (Vaults:4)
  2 elemental wellsprings
  3 bennus (Tomb:2)
  2 stone giants
  2 merfolk javelineers (Shoals:4)
  A merfolk impaler (Abyss:4)
  3 yaktaur captains
  A fire dragon (Depths:4)
  A green death (Pan)
  A merfolk aquamancer (Shoals:3)
  2 satyrs
  22 death scarabs
  A deep elf knight (Elf:2)
  3 naga sharpshooters
  A glowing orange brain (Pan)
  An anaconda skeleton (Geh:3)
  A necromancer (Tar:2)
  4 deep elf archers
  2 deep elf magi
  2 fauns
  2 moths of wrath
  A salamander (Snake:4)
  3 cyclopes
  A manticore (Shoals:4)
  An iron dragon skeleton (Geh:7)
  A dire elephant zombie (Tomb:2)
  A vault sentinel (Vaults:4)
  A frost giant skeleton (Geh:4)
  5 yaktaurs
  2 merfolk (Shoals:3)
  A raiju (Abyss:4)
  6 flying skulls (Tomb:2)
  A water elemental (Shoals:3)
  3 humans (D:13)
  2 nagas (Snake:1)
  2 ettin simulacra (Depths:5)
  2 spiny frog skeletons (Geh:4)
  A swamp dragon skeleton (Geh:4)
  5 wights
  2 howler monkeys (D:13)
  A worker ant (D:13)
  5 mummies
  9 ball lightnings (Pan)
  An orc (Orc:2)
  4 bushes (Lair:6)
  20 fungi
  27 plants
  10 starspawn tentacles
  2 tentacles (Coc:5)
218 creatures vanquished.

Grand Total: 6300 creatures vanquished

Notes
Turn   | Place    | Note
-------+----------+-------------------------------------------
     0 | D:1      | MeekVeins the Naga Venom Mage began the quest for the Orb.
     0 | D:1      | Reached XP level 1. HP: 15/15 MP: 3/3
   123 | D:1      | Reached XP level 2. HP: 22/22 MP: 5/5
   715 | D:1      | Learned a level 2 spell: Poisonous Vapours
   945 | D:1      | Reached XP level 3. HP: 28/28 MP: 3/6
  1140 | D:2      | Reached skill level 6 in Poison Magic
  1381 | D:2      | Reached XP level 4. HP: 36/36 MP: 4/7
  3043 | D:3      | Found a stormy altar of Qazlal.
  3082 | D:3      | Reached XP level 5. HP: 42/42 MP: 2/8
  3302 | D:4      | Reached skill level 3 in Spellcasting
  3360 | D:4      | Reached XP level 6. HP: 49/49 MP: 3/11
  3725 | D:4      | Got a steaming leather armour
  3736 | D:4      | Identified the +0 leather armour of the Marlin {Dex+4} (You
                  | found it on level 4 of the Dungeon)
  3741 | D:4      | Learned a level 4 spell: Olgreb's Toxic Radiance
  3976 | D:4      | Reached skill level 1 in Fighting
  3976 | D:4      | Reached skill level 1 in Maces & Flails
  4042 | D:5      | Entered Level 5 of the Dungeon
  4054 | D:5      | Noticed Prince Ribbit
  4073 | D:5      | Noticed an ice beast
  4133 | D:5      | Found a staircase to the Ecumenical Temple.
  4146 | Temple   | Entered the Ecumenical Temple
  4183 | Temple   | Became a worshipper of Cheibriados the Contemplative
  4316 | D:5      | Reached skill level 1 in Armour
  4316 | D:5      | Reached XP level 7. HP: 13/58 MP: 8/13
  4938 | D:5      | Reached skill level 3 in Maces & Flails
  4957 | D:5      | Learned a level 3 spell: Mephitic Cloud
  5127 | D:5      | Reached * piety under Cheibriados
  5434 | D:6      | Reached skill level 3 in Fighting
  5625 | D:6      | Reached skill level 1 in Air Magic
  5625 | D:6      | Reached XP level 8. HP: 52/69 MP: 1/14
  5781 | D:6      | Learned a level 3 spell: Regeneration
  6014 | D:6      | Reached skill level 1 in Necromancy
  6428 | D:7      | Reached skill level 3 in Necromancy
  6440 | D:7      | Reached skill level 3 in Charms
  6446 | D:7      | Reached ** piety under Cheibriados
  6537 | D:7      | Found a shimmering altar of Xom.
  6577 | D:7      | Reached skill level 3 in Air Magic
  6583 | D:7      | Reached XP level 9. HP: 76/78 MP: 1/16
  6721 | D:7      | Learned a level 1 spell: Animate Skeleton
  6758 | D:7      | Noticed a hornet
  7127 | D:7      | Reached *** piety under Cheibriados
  7271 | D:7      | Killed a hornet
  7333 | D:7      | Found an iron altar of Okawaru.
  7342 | D:7      | Reached skill level 1 in Invocations
  7349 | D:7      | Reached skill level 6 in Spellcasting
  7561 | D:8      | Found a glowing golden altar of the Shining One.
  7724 | D:8      | Noticed Gastronok
  7763 | D:8      | Killed Gastronok
  7763 | D:8      | Reached skill level 6 in Invocations
  7763 | D:8      | Reached XP level 10. HP: 44/85 MP: 0/19
  8068 | D:8      | Found a runed door.
  8070 | D:8      | Noticed coier's ghost (novice GnWn)
  8167 | D:8      | Reached **** piety under Cheibriados
  8318 | D:8      | Found a staircase to the Lair.
  8802 | D:9      | Found Ezeil's Armour Shop.
  8913 | D:9      | Found Lawuc's Jewellery Emporium.
  8962 | D:9      | Found Quvvapae's Jewellery Shop.
  9031 | D:9      | Reached skill level 6 in Fighting
  9250 | D:9      | Reached XP level 11. HP: 87/97 MP: 8/21
  9511 | D:9      | Found a sparkling altar of Nemelex Xobeh.
  9602 | D:9      | Reached ***** piety under Cheibriados
  9733 | D:9      | Found a blossoming altar of Fedhas.
  9794 | D:9      | Found Buimethri's Antique Armour Shoppe.
  9807 | D:9      | Bought a heavily runed ring mail for 207 gold pieces
  9817 | D:9      | Identified the +0 ring mail "Getaje Jearr" {+Fly SInv} (You
                  | bought it in a shop on level 9 of the Dungeon)
 10071 | D:10     | Entered Level 10 of the Dungeon
 10086 | D:9      | Got a bound lead amulet
 10090 | D:9      | Identified the amulet "Puudeun" {Reflect Int+3 Dex+2 SH+3}
                  | (You took it off an orc on level 9 of the Dungeon)
 10244 | D:10     | Reached skill level 9 in Invocations
 10317 | D:10     | Identified Spellweaving, Part One
 11117 | D:10     | Noticed an unseen horror
 11136 | D:10     | Reached ****** piety under Cheibriados
 11143 | D:10     | Killed an unseen horror
 11149 | D:10     | Learned a level 4 spell: Petrify
 11637 | D:11     | Reached skill level 1 in Transmutations
 11637 | D:11     | Reached skill level 1 in Earth Magic
 11651 | D:11     | Found Guehua's Food Shoppe.
 12309 | Lair:1   | Entered Level 1 of the Lair of Beasts
 12352 | Lair:1   | Reached XP level 12. HP: 100/110 MP: 13/22
 12391 | Lair:1   | Noticed a seven-headed hydra
 12404 | Lair:1   | Killed a seven-headed hydra
 12607 | Lair:1   | Reached skill level 3 in Earth Magic
 12608 | Lair:1   | Reached skill level 3 in Transmutations
 13773 | Lair:2   | Got a bloodstained scimitar
 13774 | Lair:2   | Identified the +7 scimitar of the Harvest {slice, Int+3}
                  | (You found it on level 2 of the Lair of Beasts)
 14454 | Lair:3   | Found a labyrinth entrance.
 14471 | Lab      | Entered a labyrinth
 14736 | Lab      | Reached skill level 1 in Evocations
 15338 | Lab      | Noticed a minotaur
 15342 | Lab      | Killed a minotaur
 15342 | Lab      | Reached skill level 6 in Transmutations
 15342 | Lab      | Reached skill level 6 in Earth Magic
 15342 | Lab      | Reached skill level 3 in Evocations
 15352 | Lab      | Identified the Handbook of Mutagenic Conjuration
 15396 | Lair:3   | Noticed an eight-headed hydra
 15583 | D:9      | Bought an uncursed ring of protection from magic for 350
                  | gold pieces
 15951 | D:12     | Reached skill level 1 in Unarmed Combat
 16069 | D:12     | Gained mutation: You can use your snake-like lower body to
                  | constrict enemies. [Naga growth]
 16069 | D:12     | Reached XP level 13. HP: 110/117 MP: 7/25
 16103 | D:12     | Reached skill level 3 in Unarmed Combat
 16111 | D:12     | Learned a level 5 spell: Blade Hands
 16568 | D:12     | Found a stormy altar of Qazlal.
 16722 | D:12     | Found a staircase to the Orcish Mines.
 16804 | Orc:1    | Entered Level 1 of the Orcish Mines
 17247 | Orc:2    | Entered Level 2 of the Orcish Mines
 17442 | Orc:2    | Noticed Josephine
 17524 | Orc:1    | Killed Josephine
 18254 | Orc:2    | Reached skill level 6 in Unarmed Combat
 19330 | Orc:2    | Found a staircase to the Elven Halls.
 19545 | Orc:2    | Found Tuorya's Antique Weapon Boutique.
 19545 | Orc:2    | Found Leeress's Jewellery Boutique.
 19546 | Orc:2    | Found Tutyom's Antique Armour Shop.
 19549 | Orc:2    | Found Gakkaiq's Distillery.
 19972 | Orc:2    | Bought an embroidered hat for 182 gold pieces
 19972 | Orc:2    | Bought a bloodstained leather armour for 182 gold pieces
 19992 | Orc:2    | Identified the cursed +1 leather armour of the Solstice
                  | {rF+ rN+ Int+4} (You bought it in a shop on level 2 of the
                  | Orcish Mines)
 20352 | Lair:3   | Found a sparkling altar of Nemelex Xobeh.
 20488 | Lair:3   | Reached skill level 1 in Shields
 20863 | Lair:3   | Found a staircase to the Shoals.
 21288 | Lair:4   | Found a staircase to the Snake Pit.
 21356 | Lair:4   | Noticed Sonja
 21360 | Lair:4   | Killed Sonja
 21650 | Lair:4   | Reached skill level 3 in Shields
 21650 | Lair:4   | Reached XP level 14. HP: 118/127 MP: 18/26
 21801 | Lair:4   | Noticed Urug
 21818 | Lair:4   | Killed Urug
 22916 | Lair:5   | Reached skill level 9 in Unarmed Combat
 23116 | Lair:5   | Reached skill level 9 in Fighting
 23246 | Lair:5   | Got a transparent trident
 23247 | Lair:5   | Identified the cursed +3 trident "Vutixt" {pierce, rN+}
                  | (You found it on level 5 of the Lair of Beasts)
 23879 | Lair:6   | Entered Level 6 of the Lair of Beasts
 23881 | Lair:6   | Found a staircase to the Slime Pits.
 24248 | Lair:6   | Reached skill level 6 in Shields
 24756 | Lair:6   | Reached XP level 15. HP: 80/138 MP: 3/27
 25251 | Lair:6   | Found a large runed door.
 25252 | Lair:6   | Found a large runed door.
 25544 | Lair:6   | Learned a level 4 spell: Summon Lightning Spire
 26354 | D:13     | Found a gate to the Vaults.
 26356 | D:13     | Noticed Rupert
 26370 | D:13     | Reached skill level 9 in Shields
 26371 | D:13     | Killed Rupert
 26572 | D:13     | Noticed Kirke
 26585 | D:13     | Killed Kirke
 27427 | D:13     | Identified a scroll of acquirement
 28113 | D:14     | Reached skill level 6 in Air Magic
 28616 | D:14     | Found a runed door.
 28638 | D:14     | Reached skill level 1 in Summonings
 28712 | D:15     | Entered Level 15 of the Dungeon
 28800 | D:15     | Reached skill level 12 in Invocations
 28913 | D:15     | Found a staircase to the Depths.
 28913 | D:15     | Noticed a fire giant
 29360 | D:15     | Reached XP level 16. HP: 142/146 MP: 28/28
 30154 | Snake:1  | Entered Level 1 of the Snake Pit
 30191 | Snake:1  | Found Pev Kot's Armour Boutique.
 30569 | Snake:1  | Found a runed gate.
 30569 | Snake:1  | Found a runed gate.
 30569 | Snake:1  | Found a runed gate.
 30569 | Snake:1  | Found an opulent altar of Gozag.
 30569 | Snake:1  | Noticed Alamadd's ghost (journeyman HOAK)
 30635 | Snake:1  | Reached skill level 3 in Summonings
 30655 | Snake:1  | Reached skill level 9 in Spellcasting
 30663 | Snake:1  | Noticed Louise
 30692 | Snake:1  | Killed Louise
 30700 | Snake:1  | Learned a level 6 spell: Deflect Missiles
 31708 | Snake:2  | Reached skill level 9 in Air Magic
 32482 | Snake:2  | Reached skill level 6 in Stealth
 33641 | Snake:3  | Reached skill level 12 in Unarmed Combat
 33768 | Snake:3  | Noticed a nagaraja
 33776 | Snake:3  | Killed a nagaraja
 34175 | Snake:3  | Reached XP level 17. HP: 153/153 MP: 30/30
 34707 | Shoals:1 | Entered Level 1 of the Shoals
 34767 | Shoals:1 | Found Niuwuukh's Assorted Antiques.
 36401 | Shoals:3 | Reached skill level 6 in Evocations
 37225 | Shoals:4 | Entered Level 4 of the Shoals
 37228 | Shoals:4 | Noticed Nikola
 37413 | Snake:4  | Entered Level 4 of the Snake Pit
 37892 | Snake:4  | Reached skill level 12 in Fighting
 37938 | Snake:4  | Reached XP level 18. HP: 78/168 MP: 3/31
 38709 | Snake:4  | Found Ampik's General Store.
 38717 | Snake:4  | Bought a scroll of fear for 66 gold pieces
 38870 | Snake:4  | Got a serpentine rune of Zot
 39261 | Vaults:1 | Entered Level 1 of the Vaults
 39292 | Vaults:1 | Found Mius's Magic Scroll Shoppe.
 39901 | Vaults:1 | Found Moesche's Assorted Antiques.
 39916 | Vaults:1 | Bought a wand of paralysis (17) for 78 gold pieces
 39916 | Vaults:1 | Bought a wand of paralysis (10) for 78 gold pieces
 40156 | Vaults:1 | Found Yjoqoyva's Distillery.
 40164 | Vaults:1 | Bought a potion of heal wounds for 70 gold pieces
 40252 | Vaults:1 | Found Nyetz's Gadget Boutique.
 41782 | Vaults:2 | Reached XP level 19. HP: 110/184 MP: 25/32
 41784 | Vaults:2 | Reached skill level 15 in Fighting
 42165 | Vaults:3 | Reached skill level 15 in Unarmed Combat
 42177 | Vaults:3 | Reached skill level 9 in Evocations
 42351 | Vaults:3 | Learned a level 4 spell: Airstrike
 42391 | Vaults:3 | Found a flickering gateway to a bazaar.
 42400 | Bazaar   | Entered a bazaar
 42432 | Bazaar   | Found Idonuts's General Store.
 42441 | Bazaar   | Found Isax's Assorted Antiques.
 42472 | Bazaar   | Found Noapn's Antique Weapon Shop.
 42492 | Bazaar   | Found Reazax's Book Emporium.
 42501 | Bazaar   | Found Jutyuklon's Assorted Antiques.
 42598 | Bazaar   | Bought a book of the Earth for 780 gold pieces
 42652 | Bazaar   | Bought a Necronomicon for 1656 gold pieces
 42704 | Bazaar   | Bought a scroll of acquirement for 624 gold pieces
 43370 | Vaults:3 | Found a staircase to the Crypt.
 43370 | Vaults:3 | Found a basalt altar of Yredelemnul.
 43371 | Vaults:3 | Found an ancient bone altar of Kikubaaqudgha.
 44386 | Vaults:4 | Reached skill level 9 in Earth Magic
 44476 | Vaults:4 | Noticed a tentacled monstrosity
 44540 | Vaults:4 | Found Tubbagutoh's Assorted Antiques.
 44556 | Vaults:4 | Bought a wavering iron ring for 155 gold pieces
 44557 | Vaults:4 | Identified the ring "Sucit" {Fire rPois rN++ Int+3 Dex-4}
                  | (You bought it in a shop on level 4 of the Vaults)
 44607 | Vaults:4 | Reached XP level 20. HP: 91/194 MP: 3/34
 46006 | Vaults:4 | Reached skill level 12 in Earth Magic
 46014 | Vaults:4 | Learned a level 6 spell: Statue Form
 46498 | Shoals:4 | Killed Nikola
 47182 | Shoals:4 | Got a fabulously ornate robe
 47193 | Shoals:4 | Identified the cursed +0 robe of Pandemonium {Dex+2} (You
                  | found it on level 4 of the Shoals)
 47289 | Shoals:4 | Found a runed door.
 47289 | Shoals:4 | Found a shimmering altar of Xom.
 47289 | Shoals:4 | Noticed Sergey's ghost (journeyman DDFi)
 47636 | Shoals:4 | Got a barnacled rune of Zot
 47672 | Shoals:4 | Killed Sergey's ghost
 48045 | Elf:1    | Entered Level 1 of the Elven Halls
 48248 | Elf:1    | Identified the Reference Book on the Hurtful Rocks
 48288 | Elf:1    | Reached skill level 15 in Earth Magic
 48387 | Elf:1    | Reached XP level 21. HP: 201/201 MP: 28/35
 48460 | Elf:1    | Found Bourazea's Gadget Boutique.
 48460 | Elf:1    | Found Yggouxig's Jewellery Shoppe.
 48461 | Elf:1    | Found Uniss's Jewellery Shoppe.
 48765 | Elf:2    | Found Laurphir's Book Shoppe.
 48804 | Elf:2    | Found a runed gate.
 48806 | Elf:2    | Found a runed gate.
 48809 | Elf:2    | Found a runed gate.
 48963 | Elf:2    | Identified the +5 scale mail of Masochism {rElec Str+6
                  | Int-2} (You found it on level 2 of the Elven Halls)
 49618 | Elf:3    | Entered Level 3 of the Elven Halls
 49917 | Elf:3    | Found a radiant altar of Vehumet.
 49967 | Elf:3    | Reached skill level 18 in Earth Magic
 50070 | Elf:3    | Found Qiaroso's Gadget Shoppe.
 50291 | Elf:3    | Got a faintly glowing crystal amulet
 50394 | Elf:3    | Identified the amulet "Xychaady" {+Rage MR+} (You took it
                  | off a deep elf demonologist on level 3 of the Elven Halls)
 50395 | Elf:3    | Identified the ring "Mopeddai" {rCorr rPois} (You took it
                  | off a deep elf demonologist on level 3 of the Elven Halls)
 50447 | Elf:3    | Reached XP level 22. HP: 167/210 MP: 21/36
 50458 | Elf:3    | Got a heavily runed silver ring
 50459 | Elf:3    | Identified the +2 robe of the Swan {rElec Str-3 Stlth+}
                  | (You took it off a deep elf sorcerer on level 3 of the
                  | Elven Halls)
 50461 | Elf:3    | Identified the ring of Moch {-Tele rPois rF+ Dex+3} (You
                  | took it off a deep elf elementalist on level 3 of the Elven
                  | Halls)
 50525 | Elf:3    | Got a pitted glass ring
 50549 | Elf:3    | Identified the ring of Understanding {Ice Str+4} (You took
                  | it off a deep elf mage on level 3 of the Elven Halls)
 50769 | Elf:3    | Identified the ring of Ikonlelobb {+Inv rC+ Int+3 Dex+4}
                  | (You acquired it on level 3 of the Elven Halls)
 50783 | Elf:3    | Got a transparent helmet
 50789 | Elf:3    | Identified the +1 helmet of the Merchant {rF+ rCorr Int+3}
                  | (You acquired it on level 3 of the Elven Halls)
 51328 | Slime:1  | Entered Level 1 of the Pits of Slime
 51813 | Slime:3  | Learned a level 5 spell: Lee's Rapid Deconstruction
 51826 | Slime:4  | Noticed Dissolution
 51835 | Slime:4  | Killed Dissolution
 51987 | Slime:5  | Entered Level 5 of the Pits of Slime
 52061 | Slime:5  | Gained mutation: You are clumsy. (Dex -2) [a shining eye]
 52637 | Elf:3    | Bought a lamp of fire for 840 gold pieces
 53136 | Slime:5  | Found a viscous altar of Jiyva.
 53136 | Slime:5  | Noticed the Royal Jelly
 53140 | Slime:5  | Found the +7 Singing Sword
 53157 | Slime:5  | Killed the Royal Jelly
 53159 | Slime:5  | Reached skill level 21 in Earth Magic
 53186 | Slime:5  | Got a slimy rune of Zot
 53247 | Slime:5  | Found the +3 hat of Pondering {ponderous, MR+ MP+10 Int+5}
 53256 | Slime:5  | Identified the Handbook of Augmentations and Creation
 53264 | Slime:5  | Identified the ring of Moral Flaws {rCorr rElec rC- SInv
                  | Stlth+} (You found it on level 5 of the Pits of Slime)
 53270 | Slime:5  | Identified the amulet "Nuastrucho" {Harm *Drain +Fly rC+++
                  | Int-4 Dex+3} (You found it on level 5 of the Pits of Slime)
 54137 | Slime:5  | Learned a level 9 spell: Shatter
 54139 | Slime:5  | Gained mutation: You are very clumsy. (Dex -4) [a shining
                  | eye]
 54602 | Depths:1 | Entered Level 1 of the Depths
 54641 | Depths:1 | Reached XP level 23. HP: 217/217 MP: 37/37
 54858 | Depths:1 | Found a runed gate.
 54859 | Depths:1 | Found a runed gate.
 54863 | Depths:1 | Found a runed gate.
 54940 | Depths:1 | Identified the Volume of Evil and the Mountains
 54960 | Depths:1 | Found a gateway to a ziggurat.
 55247 | Depths:1 | Found a gateway to Hell.
 55936 | Depths:2 | Noticed a juggernaut
 55945 | Depths:2 | Killed a juggernaut
 56663 | Depths:3 | Found a one-way gate leading to the halls of Pandemonium.
 56809 | Depths:3 | Identified the +5 ring mail of the Devil {rN+ rCorr Int-2}
                  | (You found it on level 3 of the Depths)
 56917 | Depths:3 | Found a corrupted altar of Lugonu.
 56941 | Depths:3 | Found a one-way gate to the infinite horrors of the Abyss.
 57321 | Depths:3 | Reached XP level 24. HP: 223/226 MP: 38/38
 57798 | Depths:3 | Reached skill level 12 in Spellcasting
 58262 | Depths:4 | Got a faintly glowing wooden ring
 58320 | Depths:4 | Learned a level 2 spell: Blink
 58746 | Depths:5 | Entered Level 5 of the Depths
 58787 | Depths:5 | Reached skill level 18 in Fighting
 58865 | Depths:5 | Reached XP level 25. HP: 227/247 MP: 7/39
 59202 | Depths:5 | Found a glowing golden altar of the Shining One.
 59212 | Depths:5 | Identified the ring of the Thistle {+Blink +Inv rC+} (You
                  | found it on level 4 of the Depths)
 59300 | Depths:5 | Found a hazy altar of Hepliaklqana.
 59584 | Depths:5 | Found a bloodstained altar of Trog.
 59749 | Depths:5 | Found an ancient bone altar of Kikubaaqudgha.
 59802 | Depths:5 | Found a gate to the Realm of Zot.
 60324 | Depths:1 | Identified the +5 demon trident of Disembowelment {pierce,
                  | rPois} (You found it on level 1 of the Depths)
 60457 | Zot:1    | Entered Level 1 of the Realm of Zot
 60717 | Vaults:5 | Entered Level 5 of the Vaults
 60904 | Vaults:4 | Reached skill level 12 in Evocations
 60913 | Vaults:4 | Reached skill level 21 in Fighting
 61156 | Vaults:5 | Reached XP level 26. HP: 266/266 MP: 37/39
 62160 | Vaults:5 | Gained mutation: Potions are less effective at restoring
                  | your health. [a shining eye]
 62164 | Vaults:5 | Lost mutation: Potions are less effective at restoring your
                  | health. [potion of mutation]
 62164 | Vaults:5 | Lost mutation: You are very clumsy. (Dex -4) [potion of
                  | mutation]
 62164 | Vaults:5 | Gained mutation: Your spells are a little harder to cast,
                  | but a little more powerful. [potion of mutation]
 62320 | Vaults:5 | Reached XP level 27. HP: 277/277 MP: 39/39
 62439 | Vaults:5 | Found Nurex's Jewellery Shoppe.
 62455 | Vaults:5 | Found Buor's Antique Armour Boutique.
 62459 | Vaults:5 | Bought a translucent cloak for 427 gold pieces
 62465 | Vaults:5 | Identified the +2 cloak of Ummehumm {rF+ rC+} (You bought
                  | it in a shop on level 5 of the Vaults)
 62496 | Vaults:5 | Reached skill level 24 in Earth Magic
 62719 | Vaults:5 | Found the macabre finger necklace {rN+}
 62821 | Vaults:5 | Got a silver rune of Zot
 66224 | Zot:4    | Reached skill level 15 in Spellcasting
 66226 | Zot:4    | Noticed an orb of fire
 66229 | Zot:4    | Gained mutation: You are frail. (-10% HP) [an orb of fire]
 66232 | Zot:4    | Noticed an orb of fire
 66237 | Zot:4    | Killed an orb of fire
 66245 | Zot:4    | Killed an orb of fire
 66634 | Zot:4    | Reached skill level 12 in Shields
 66953 | Zot:5    | Entered Level 5 of the Realm of Zot
 67282 | Zot:5    | Noticed an ancient lich
 67292 | Zot:5    | Noticed an orb of fire
 67294 | Zot:5    | Noticed an ancient lich
 67299 | Zot:5    | Killed an orb of fire
 67304 | Zot:5    | Killed an ancient lich
 67312 | Zot:5    | Killed an ancient lich
 67677 | Zot:5    | Noticed an orb of fire
 67681 | Zot:5    | Reached skill level 15 in Shields
 67692 | Zot:5    | Killed an orb of fire
 67717 | Zot:5    | Noticed an ancient lich
 67724 | Zot:5    | Killed an ancient lich
 67857 | Zot:5    | Reached skill level 18 in Unarmed Combat
 68094 | Vaults:1 | Bought a scroll of fear for 77 gold pieces
 68094 | Vaults:1 | Bought a scroll of enchant armour for 165 gold pieces
 68094 | Vaults:1 | Bought a scroll of identify for 44 gold pieces
 68094 | Vaults:1 | Bought a scroll of teleportation for 66 gold pieces
 68094 | Vaults:1 | Bought a scroll of teleportation for 66 gold pieces
 68161 | Vaults:1 | Bought a potion of heal wounds for 70 gold pieces
 68161 | Vaults:1 | Bought a potion of brilliance for 56 gold pieces
 68202 | Vaults:1 | Bought a sack of spiders for 320 gold pieces
 68202 | Vaults:1 | Bought a box of beasts for 320 gold pieces
 68600 | Shoals:1 | Bought a scroll of blinking for 270 gold pieces
 68881 | D:11     | Bought a ration for 55 gold pieces
 68881 | D:11     | Bought a ration for 55 gold pieces
 68881 | D:11     | Bought a ration for 55 gold pieces
 68881 | D:11     | Bought a ration for 55 gold pieces
 68881 | D:11     | Bought a ration for 55 gold pieces
 68881 | D:11     | Bought a ration for 55 gold pieces
 68881 | D:11     | Bought a ration for 55 gold pieces
 68881 | D:11     | Bought a ration for 55 gold pieces
 68881 | D:11     | Bought a ration for 55 gold pieces
 69022 | D:8      | Killed coier's ghost
 69398 | Snake:1  | Killed Alamadd's ghost
 69873 | Crypt:1  | Entered Level 1 of the Crypt
 70006 | Crypt:1  | Noticed Donald
 70015 | Crypt:1  | Killed Donald
 70025 | Crypt:1  | Reached skill level 9 in Necromancy
 70333 | Crypt:2  | Identified the amulet "Peiteq Emet" {Reflect rPois SH+2}
                  | (You acquired it on level 2 of the Crypt)
 70374 | Crypt:2  | Learned a level 3 spell: Lesser Beckoning
 70525 | Crypt:2  | Reached skill level 1 in Translocations
 70689 | Crypt:2  | Got a bound ivory amulet
 70690 | Crypt:2  | Identified the amulet of the Traitor {Harm *Drain *Slow
                  | +Inv rPois Int+6} (You found it on level 2 of the Crypt)
 70914 | Crypt:2  | Reached skill level 3 in Translocations
 71235 | Crypt:3  | Entered Level 3 of the Crypt
 71285 | Crypt:3  | Found a magical portal.
 71290 | WizLab   | Entered The Chambers of the Cloud Mage
 71571 | WizLab   | Identified the Reference Book on Lightness
 71577 | WizLab   | Got a transparent glass ring
 71578 | WizLab   | Identified the ring of Cifia {+Fly rElec rPois rF++ MP+9}
                  | (You found it in a wizard's laboratory)
 71619 | WizLab   | Got a twitching wooden ring
 71847 | Crypt:3  | Reached skill level 6 in Translocations
 71932 | Crypt:3  | Found a huge runed gate.
 71932 | Crypt:3  | Found a huge runed gate.
 71932 | Crypt:3  | Found a huge runed gate.
 71932 | Crypt:3  | Found a huge runed gate.
 71932 | Crypt:3  | Found a huge runed gate.
 71932 | Crypt:3  | Found a huge runed gate.
 71932 | Crypt:3  | Found a huge runed gate.
 71933 | Crypt:3  | Found a huge runed gate.
 71934 | Crypt:3  | Found a huge runed gate.
 71952 | Crypt:3  | Found a huge runed gate.
 71952 | Crypt:3  | Found a huge runed gate.
 72029 | Crypt:3  | Got a clouded ivory ring
 72034 | Crypt:3  | Identified the ring "Noutasoi" {*Slow rPois rN+ Str+2
                  | Int+2} (You took it off an ancient champion on level 3 of
                  | the Crypt)
 72035 | Crypt:3  | Identified the ring "Ekalo" {+Inv +Fly Dex+3 SInv} (You
                  | took it off a spriggan air mage in a wizard's laboratory)
 72036 | Crypt:3  | Identified the ring "Kupaq" {*Slow rC+++ rN+ Int-5 SInv}
                  | (You took it off a vampire mage on level 3 of the Crypt)
 72140 | Crypt:3  | Found a basalt altar of Yredelemnul.
 72143 | Crypt:3  | Found an ancient bone altar of Kikubaaqudgha.
 72183 | Crypt:3  | Identified the ring "Rumm" {rCorr Dex+2} (You found it on
                  | level 3 of the Crypt)
 72483 | Crypt:3  | Found a huge runed gate.
 72483 | Crypt:3  | Found a huge runed gate.
 72484 | Crypt:3  | Found a huge runed gate.
 72485 | Crypt:3  | Found a huge runed gate.
 72486 | Crypt:3  | Found a huge runed gate.
 72487 | Crypt:3  | Found a huge runed gate.
 72488 | Crypt:3  | Found a huge runed gate.
 72489 | Crypt:3  | Found a huge runed gate.
 72576 | Crypt:3  | Found a staircase to the Tomb.
 72664 | Crypt:3  | Noticed an ancient lich
 72664 | Crypt:3  | Noticed an ancient lich
 72664 | Crypt:3  | Noticed an ancient lich
 72666 | Crypt:3  | Killed an ancient lich
 72666 | Crypt:3  | Killed an ancient lich
 72667 | Crypt:3  | Killed an ancient lich
 72667 | Crypt:3  | Reached skill level 9 in Transmutations
 72763 | Tomb:1   | Entered Level 1 of the Tomb of the Ancients
 73202 | D:9      | Bought the ring of Hifinoqo {MR+ Slay+3 SInv} for 562 gold
                  | pieces
 73790 | Tomb:1   | Noticed a greater mummy
 73798 | Tomb:1   | Killed a greater mummy
 73854 | Tomb:1   | Noticed a greater mummy
 73865 | Tomb:1   | Killed a greater mummy
 73886 | Tomb:1   | Noticed a greater mummy
 73893 | Tomb:1   | Noticed a greater mummy
 73895 | Tomb:1   | Noticed a greater mummy
 73897 | Tomb:1   | Killed a greater mummy
 73897 | Tomb:1   | Noticed a greater mummy
 73897 | Tomb:1   | Noticed a greater mummy
 73898 | Tomb:1   | Noticed a greater mummy
 74156 | Tomb:1   | Noticed a greater mummy
 74163 | Tomb:1   | Killed a greater mummy
 74174 | Tomb:1   | Killed a greater mummy
 74194 | Tomb:1   | Noticed a greater mummy
 74199 | Tomb:1   | Killed a greater mummy
 74199 | Tomb:1   | Reached skill level 12 in Necromancy
 74214 | Tomb:1   | Killed a greater mummy
 74258 | Tomb:1   | Killed a greater mummy
 74301 | Tomb:1   | Noticed a greater mummy
 74307 | Tomb:1   | Killed a greater mummy
 74332 | Tomb:1   | Noticed a greater mummy
 74333 | Tomb:1   | Killed a greater mummy
 74341 | Tomb:1   | Killed a greater mummy
 74341 | Tomb:1   | Reached skill level 12 in Transmutations
 74344 | Tomb:1   | Noticed a greater mummy
 74351 | Tomb:1   | Killed a greater mummy
 74362 | Tomb:1   | Noticed a greater mummy
 74372 | Tomb:1   | Killed a greater mummy
 74710 | Tomb:1   | Killed a greater mummy
 74780 | Tomb:1   | Noticed a greater mummy
 74784 | Tomb:1   | Killed a greater mummy
 74821 | Tomb:1   | Noticed a greater mummy
 74827 | Tomb:1   | Killed a greater mummy
 74832 | Tomb:1   | Noticed a greater mummy
 74834 | Tomb:1   | Killed a greater mummy
 74888 | Tomb:1   | Noticed a greater mummy
 74896 | Tomb:1   | Killed a greater mummy
 75024 | Tomb:1   | Learned a level 8 spell: Necromutation
 75229 | Tomb:2   | Noticed a greater mummy
 75234 | Tomb:2   | Noticed a greater mummy
 75234 | Tomb:2   | Noticed a greater mummy
 75250 | Tomb:2   | Killed a greater mummy
 75261 | Tomb:2   | Noticed a greater mummy
 75266 | Tomb:2   | Killed a greater mummy
 75299 | Tomb:2   | Killed a greater mummy
 75308 | Tomb:2   | Killed a greater mummy
 75989 | Tomb:2   | Learned a level 8 spell: Borgnjor's Revivification
 76018 | Tomb:3   | Entered Level 3 of the Tomb of the Ancients
 76027 | Tomb:3   | Reached skill level 15 in Necromancy
 76028 | Tomb:3   | Noticed a greater mummy
 76029 | Tomb:3   | Noticed a greater mummy
 76645 | Tomb:3   | Noticed a greater mummy
 76649 | Tomb:3   | Killed a greater mummy
 76649 | Tomb:3   | Noticed a greater mummy
 76650 | Tomb:3   | Killed a greater mummy
 76650 | Tomb:3   | Killed a greater mummy
 76654 | Tomb:3   | Killed a greater mummy
 76784 | Tomb:3   | Identified the Disquisition on Congealing Confrontation
 76811 | Tomb:3   | Reached skill level 24 in Fighting
 76859 | Tomb:3   | Noticed a greater mummy
 76867 | Tomb:3   | Killed a greater mummy
 77011 | Tomb:3   | Found the +18 shield of the Gong {rElec rN+ MR+ EV-5}
 77013 | Tomb:3   | Found the cursed +13 scythe of Curses {drain, *Curse}
 77093 | Tomb:3   | Got a pitted gossamer ring
 77095 | Tomb:3   | Identified the ring "Dawiben" {MR++ Dex+3} (You found it on
                  | level 3 of the Tomb of the Ancients)
 77138 | Tomb:3   | Noticed a greater mummy
 77144 | Tomb:3   | Killed a greater mummy
 77201 | Tomb:3   | Noticed a greater mummy
 77211 | Tomb:3   | Killed a greater mummy
 77379 | Tomb:3   | Noticed a greater mummy
 77388 | Tomb:3   | Killed a greater mummy
 77391 | Tomb:3   | Noticed a greater mummy
 77401 | Tomb:3   | Killed a greater mummy
 77467 | Tomb:3   | Got a golden rune of Zot
 77938 | Zig:1    | Entered Level 1 of a ziggurat
 77938 | Zig:1    | Noticed Nuishuk the pandemonium lord
 77948 | Zig:1    | Killed Nuishuk the pandemonium lord
 77961 | Zig:2    | Entered Level 2 of a ziggurat
 77975 | Zig:2    | Identified the Handbook of Confrontation and Necromancy
 77997 | Zig:3    | Entered Level 3 of a ziggurat
 78015 | Zig:4    | Entered Level 4 of a ziggurat
 78051 | Zig:5    | Entered Level 5 of a ziggurat
 78093 | Zig:6    | Entered Level 6 of a ziggurat
 78100 | Zig:6    | Found the +12 Vampire's Tooth {vamp}
 78137 | Zig:7    | Entered Level 7 of a ziggurat
 78161 | Zig:7    | Got a pair of fine gloves
 78230 | Zig:7    | Identified the +0 pair of gloves of Negligence {Stlth+}
                  | (You found it on level 7 of a ziggurat)
 78249 | Zig:8    | Entered Level 8 of a ziggurat
 78259 | Zig:8    | Noticed Ezacexo the pandemonium lord
 78272 | Zig:8    | Killed Ezacexo the pandemonium lord
 78601 | Zig:8    | Got a fine emerald amulet
 78602 | Zig:8    | Identified the amulet "Pocirhy" {Gourm rF++} (You found it
                  | on level 8 of a ziggurat)
 78630 | Zig:9    | Entered Level 9 of a ziggurat
 78711 | Zig:10   | Entered Level 10 of a ziggurat
 78777 | Zig:11   | Entered Level 11 of a ziggurat
 78789 | Zig:11   | Paralysed by a floating eye for 2 turns
 78816 | Zig:11   | Identified the +2 cloak of Goetz {rF++ rN+ Str-5 Slay+3}
                  | (You found it on level 11 of a ziggurat)
 78828 | Zig:11   | Identified the cursed ring "Oshrov" {+Blink rElec rN+ Dex-3
                  | Slay+3} (You found it on level 11 of a ziggurat)
 78863 | Zig:12   | Entered Level 12 of a ziggurat
 78885 | Zig:12   | Found the +8 demon blade "Bloodbane" {slice, *Rage +Rage
                  | Stlth-}
 78908 | Zig:12   | Identified Keaff's Guide on Shape Shifting
 78910 | Zig:12   | Identified the Volume of Ignition
 78947 | Zig:13   | Entered Level 13 of a ziggurat
 78974 | Zig:13   | Reached skill level 18 in Necromancy
 78978 | Zig:13   | Found the +7 mace of Variability {chain chaos}
 79001 | Zig:14   | Entered Level 14 of a ziggurat
 79032 | Zig:14   | Noticed an ancient lich
 79048 | Zig:14   | Killed an ancient lich
 79093 | Zig:14   | Identified the +2 double sword of Vanity {elec, rN+} (You
                  | found it on level 14 of a ziggurat)
 79098 | Zig:15   | Entered Level 15 of a ziggurat
 79118 | Zig:15   | Noticed an ancient lich
 79120 | Zig:15   | Killed an ancient lich
 79131 | Zig:15   | Found the +7 sceptre of Torment
 79136 | Zig:15   | Identified the amulet "Qepn" {Faith rC+ Int-3 Dex+3} (You
                  | found it on level 15 of a ziggurat)
 79138 | Zig:15   | Identified the Collected Works on the Supportive Frostbite
 79143 | Zig:15   | Identified the Almanac of the Fetching Glacier
 79149 | Zig:15   | Identified the ring of Xom's Full Attention {rPois rC+
                  | Int+4} (You found it on level 15 of a ziggurat)
 79165 | Zig:16   | Entered Level 16 of a ziggurat
 79430 | Zig:17   | Entered Level 17 of a ziggurat
 79469 | Zig:17   | Found the cursed +14 obsidian axe {chop, +Fly SInv *Curse}
 79486 | Zig:17   | Identified the ring of Sioqycep {*Tele *Contam rElec MP+9}
                  | (You found it on level 17 of a ziggurat)
 79551 | Zig:18   | Entered Level 18 of a ziggurat
 79572 | Zig:18   | Noticed a greater mummy
 79572 | Zig:18   | Noticed a greater mummy
 79572 | Zig:18   | Noticed a greater mummy
 79572 | Zig:18   | Noticed a greater mummy
 79572 | Zig:18   | Noticed a greater mummy
 79572 | Zig:18   | Noticed a greater mummy
 79572 | Zig:18   | Noticed a greater mummy
 79572 | Zig:18   | Noticed a greater mummy
 79573 | Zig:18   | Found the +8 orange crystal plate armour {Archmagi, Int+3
                  | Clar}
 79573 | Zig:18   | Noticed a greater mummy
 79574 | Zig:18   | Reached skill level 3 in Armour
 79575 | Zig:18   | Killed a greater mummy
 79575 | Zig:18   | Killed a greater mummy
 79575 | Zig:18   | Killed a greater mummy
 79576 | Zig:18   | Killed a greater mummy
 79576 | Zig:18   | Reached skill level 6 in Armour
 79576 | Zig:18   | Killed a greater mummy
 79576 | Zig:18   | Killed a greater mummy
 79576 | Zig:18   | Reached skill level 18 in Spellcasting
 79576 | Zig:18   | Killed a greater mummy
 79576 | Zig:18   | Killed a greater mummy
 79577 | Zig:18   | Killed a greater mummy
 79577 | Zig:18   | Reached skill level 9 in Armour
 79610 | Zig:18   | Identified the Papyrus of Weightlessness
 79662 | Zig:19   | Entered Level 19 of a ziggurat
 79736 | Zig:19   | Identified the ring of Eternal Harmony {-Tele rF- rC+ rN++
                  | Dex+9} (You found it on level 19 of a ziggurat)
 79819 | Zig:20   | Entered Level 20 of a ziggurat
 79825 | Zig:20   | Noticed a greater mummy
 79825 | Zig:20   | Noticed a greater mummy
 79833 | Zig:20   | Killed a greater mummy
 79836 | Zig:20   | Killed a greater mummy
 79841 | Zig:20   | Noticed a greater mummy
 79842 | Zig:20   | Noticed a greater mummy
 79849 | Zig:20   | Noticed a greater mummy
 79851 | Zig:20   | Killed a greater mummy
 79852 | Zig:20   | Killed a greater mummy
 79854 | Zig:20   | Killed a greater mummy
 79855 | Zig:20   | Noticed a greater mummy
 79859 | Zig:20   | Noticed a greater mummy
 79859 | Zig:20   | Noticed a greater mummy
 79859 | Zig:20   | Noticed a greater mummy
 79860 | Zig:20   | Reached skill level 9 in Translocations
 79860 | Zig:20   | Noticed a greater mummy
 79862 | Zig:20   | Killed a greater mummy
 79862 | Zig:20   | Killed a greater mummy
 79866 | Zig:20   | Killed a greater mummy
 79866 | Zig:20   | Killed a greater mummy
 79868 | Zig:20   | HP: 15/343 [mana viper[a greater mummy] (9)]
 79876 | Zig:20   | Killed a greater mummy
 80279 | Zig:20   | Got an ancient granite ring
 80280 | Zig:20   | Identified the ring "Araonic" {rF++ MR+ Dex+5} (You found
                  | it on level 20 of a ziggurat)
 80284 | Zig:20   | Identified the ring of Xom's Entertainment {+Fly MP+9} (You
                  | found it on level 20 of a ziggurat)
 80296 | Zig:20   | Reached skill level 12 in Translocations
 80311 | Zig:20   | Identified the Grimoire of Stones and Heat
 80321 | Zig:21   | Entered Level 21 of a ziggurat
 80381 | Zig:21   | Found the +8 trident of the Octopus King {venom, rElec
                  | rPois MR+}
 80408 | Zig:21   | Identified the ring "Vicwom" {*Tele rF+ rN+} (You found it
                  | on level 21 of a ziggurat)
 80510 | Zig:22   | Entered Level 22 of a ziggurat
 80769 | Zig:22   | Got a shimmering amethyst amulet
 80770 | Zig:22   | Identified the amulet of Nakkuvi {Faith MR++ Int-5} (You
                  | found it on level 22 of a ziggurat)
 80773 | Zig:22   | Identified the +0 hat of Greater Demons {Str+7 Int-5} (You
                  | found it on level 22 of a ziggurat)
 80795 | Zig:22   | Learned a level 5 spell: Aura of Abjuration
 80798 | Zig:23   | Entered Level 23 of a ziggurat
 80857 | Zig:23   | Gained mutation: You tend to lose your temper in combat. [a
                  | shining eye]
 80864 | Zig:23   | Lost mutation: You are clumsy. (Dex -2) [potion of
                  | mutation]
 80864 | Zig:23   | Lost mutation: You tend to lose your temper in combat.
                  | [potion of mutation]
 80864 | Zig:23   | Lost mutation: You are frail. (-10% HP) [potion of
                  | mutation]
 80864 | Zig:23   | Gained mutation: You passively map a small area around you.
                  | [potion of mutation]
 80864 | Zig:23   | Gained mutation: You possess an exceptional clarity of
                  | mind. [potion of mutation]
 80864 | Zig:23   | Gained mutation: Your tail ends in a poisonous barb.
                  | [potion of mutation]
 80869 | Zig:23   | Reached skill level 6 in Summonings
 81290 | Zig:23   | Found the +8 mithril axe "Arga" {speed, MR+}
 81291 | Zig:23   | Found the +6 arbalest "Damnation" {damnation}
 81301 | Zig:23   | Identified the ring "Namacu Dont" {rN+ Slay+2} (You found
                  | it on level 23 of a ziggurat)
 81316 | Zig:24   | Entered Level 24 of a ziggurat
 81339 | Zig:24   | Reached skill level 15 in Translocations
 81367 | Zig:24   | Paralysed by accursed screaming for 1 turns
 81382 | Zig:24   | Cast into level 2 of the Abyss (spatial maelstrom)
 81414 | Abyss:3  | Found a corrupted altar of Lugonu.
 81460 | Zig:24   | Escaped the Abyss
 81504 | Zig:24   | Identified the amulet "Qiavoidd" {Faith Int+2} (You found
                  | it on level 24 of a ziggurat)
 81522 | Zig:24   | Identified the ring "Guat" {rF+ Int+3 Slay+3} (You found it
                  | on level 24 of a ziggurat)
 81545 | Zig:25   | Entered Level 25 of a ziggurat
 81555 | Zig:25   | Learned a level 4 spell: Passage of Golubria
 81564 | Zig:25   | Learned a level 8 spell: Controlled Blink
 81812 | Zig:25   | Found the +10 dark maul {crush}
 81815 | Zig:25   | Identified the Compendium of Noxious Stolen Souls
 81819 | Zig:25   | Identified Zuocuoxi's Incunabulum of Virous Boosts
 81835 | Zig:25   | Identified the Incunabulum of Evil and Earth (You acquired
                  | it on level 25 of a ziggurat)
 81839 | Zig:25   | Identified the +2 shield of Youthful Indiscretion {rCorr
                  | Str+3 Int-4} (You acquired it on level 25 of a ziggurat)
 81851 | Zig:25   | Identified the +0 helmet "Zoxuschu" {rElec rPois MR+ rCorr}
                  | (You found it on level 25 of a ziggurat)
 81861 | Zig:25   | Identified the ring of Locsixta {rPois rF+++ rC+ Str+5
                  | Stlth-} (You found it on level 25 of a ziggurat)
 81885 | Zig:26   | Entered Level 26 of a ziggurat
 81900 | Zig:26   | Reached skill level 21 in Spellcasting
 81902 | Zig:26   | Reached skill level 18 in Translocations
 81906 | Zig:26   | Found the ring of Robustness {AC+8}
 81906 | Zig:26   | Found the +10 Black Knight's horse barding {ponderous,
                  | rPois rN+}
 81931 | Zig:26   | Identified the ring of Naeg {rCorr rF++ rN+ MR+} (You found
                  | it on level 26 of a ziggurat)
 81944 | Zig:26   | Identified the cursed ring of Mistrust {rPois rF- MR+ Str-2
                  | Int+3} (You found it on level 26 of a ziggurat)
 81988 | Zig:27   | Entered Level 27 of a ziggurat
 82004 | Zig:27   | Reached skill level 21 in Translocations
 82006 | Zig:27   | Found the +7 longbow "Piercer" {penet, EV-2}
 82017 | Zig:27   | Found the +9 staff of Olgreb {rPois}
 82043 | Zig:27   | Identified the ring "Quikifec" {*Slow rN++ AC+1 Dex+7} (You
                  | found it on level 27 of a ziggurat)
 82058 | Zig:27   | Learned a level 7 spell: Malign Gateway
 82288 | Pan      | Entered Pandemonium
 82288 | Pan      | Found a runed door.
 82288 | Pan      | Found a runed door.
 82290 | Pan      | Found a runed door.
 82290 | Pan      | Noticed Abarghim the pandemonium lord
 82298 | Pan      | Killed Abarghim the pandemonium lord
 82526 | Pan      | Got a crude amber ring
 82527 | Pan      | Identified the ring of Morality {MP+9 Dex+2 SInv} (You
                  | found it in Pandemonium)
 82566 | Pan      | Noticed Dillos the pandemonium lord
 82580 | Pan      | Killed Dillos the pandemonium lord
 82918 | Pan      | Reached skill level 27 in Earth Magic
 83095 | Pan      | Noticed Noore Wauk the pandemonium lord
 83106 | Pan      | Killed Noore Wauk the pandemonium lord
 83949 | Pan      | Reached skill level 21 in Unarmed Combat
 84227 | Pan      | Entered the realm of Gloorx Vloq.
 84229 | Pan      | Noticed Gloorx Vloq
 84237 | Pan      | Reached skill level 9 in Stealth
 84241 | Pan      | Killed Gloorx Vloq
 84269 | Pan      | Got a dark rune of Zot
 84590 | Pan      | Gained mutation: You occasionally shout uncontrollably at
                  | your foes. [a neqoxec]
 84594 | Pan      | Gained mutation: Your body sometimes deteriorates upon
                  | taking damage. [a neqoxec]
 84696 | Pan      | Noticed Hymuax Reir the pandemonium lord
 84704 | Pan      | Killed Hymuax Reir the pandemonium lord
 84886 | Pan      | Reached skill level 12 in Stealth
 85022 | Pan      | Noticed Rytosy the pandemonium lord
 85029 | Pan      | Killed Rytosy the pandemonium lord
 85681 | Pan      | Learned a level 6 spell: Iron Shot
 85880 | Pan      | Found an exit through the horrors of the Abyss.
 86091 | Pan      | Gained mutation: You are dopey. (Int -2) [a neqoxec]
 86392 | Pan      | Noticed Irops the pandemonium lord
 86401 | Pan      | Killed Irops the pandemonium lord
 86401 | Pan      | Gained mutation: Your body often deteriorates upon taking
                  | damage. [a neqoxec]
 86486 | Depths:3 | Escaped Pandemonium
 86521 | Hell     | Entered the Vestibule of Hell
 86521 | Hell     | Noticed Geryon
 86532 | Hell     | Noticed Murray
 86533 | Hell     | Killed Geryon
 86540 | Hell     | Killed Murray
 86546 | Hell     | Reached skill level 24 in Unarmed Combat
 86866 | Hell     | Found a gateway to the decaying netherworld of Tartarus.
 86912 | Hell     | Found a gateway to the ashen valley of Gehenna.
 86924 | Geh:1    | Entered Level 1 of Gehenna
 87145 | Geh:2    | Reached skill level 12 in Air Magic
 87811 | Geh:7    | Entered Level 7 of Gehenna
 87905 | Geh:7    | Reached skill level 27 in Unarmed Combat
 88653 | Geh:7    | Noticed Asmodeus
 88667 | Geh:7    | Killed Asmodeus
 88683 | Geh:7    | Got an obsidian rune of Zot
 88891 | Hell     | Found a gateway to the Iron City of Dis.
 88943 | Tar:1    | Entered Level 1 of Tartarus
 88983 | Tar:2    | Reached skill level 15 in Air Magic
 89253 | Tar:2    | Gained mutation: You sometimes yell uncontrollably at your
                  | foes. [mutagenic glow]
 89409 | Tar:3    | Reached skill level 27 in Fighting
 89775 | Tar:3    | Reached skill level 18 in Air Magic
 89918 | Tar:6    | Learned a level 9 spell: Tornado
 90027 | Tar:7    | Entered Level 7 of Tartarus
 90274 | Tar:7    | Found the +5 pair of quick blades "Gyre" and "Gimble"
                  | {pierce, Dex-3}
 90303 | Tar:7    | Got a scintillating amber ring
 90304 | Tar:7    | Identified the ring of Gost {rPois rN++ Str+3} (You found
                  | it on level 7 of Tartarus)
 90527 | Tar:7    | Gained mutation: You frequently scream uncontrollably at
                  | your foes. [mutagenic glow]
 90579 | Tar:7    | Gained mutation: You are clumsy. (Dex -2) [mutagenic glow]
 90617 | Tar:7    | Reached skill level 12 in Armour
 90737 | Tar:7    | Reached skill level 21 in Air Magic
 90832 | Tar:7    | Noticed Ereshkigal
 90878 | Tar:7    | Killed Ereshkigal
 90896 | Tar:7    | Got a bone rune of Zot
 91044 | Tar:7    | Identified Nuacruuteo's Tome of Dark Attacks
 91046 | Tar:7    | Identified the ring "Qyrraotu" {rC+ rN++ Dex-3 Slay+3} (You
                  | found it on level 7 of Tartarus)
 91079 | Tar:7    | Got a translucent amethyst amulet
 91080 | Tar:7    | Identified the amulet "Ottas" {Acrobat *Slow +Fly Int+4
                  | Dex+4} (You found it on level 7 of Tartarus)
 91166 | Tar:7    | Identified Yngegip's Grimoire of Twisted Poison
 91220 | Tar:7    | Gained mutation: You are weak. (Str -2) [mutagenic glow]
 91243 | Hell     | Lost mutation: You are clumsy. (Dex -2) [mutagenic glow]
 91262 | Hell     | Found a gateway to the freezing wastes of Cocytus.
 91286 | Hell     | Lost mutation: Your spells are a little harder to cast, but
                  | a little more powerful. [mutagenic glow]
 91290 | Coc:1    | Entered Level 1 of Cocytus
 91478 | Coc:5    | Reached skill level 3 in Dodging
 91531 | Coc:5    | Gained mutation: You are frail. (-10% HP) [mutagenic glow]
 91616 | Coc:7    | Entered Level 7 of Cocytus
 91765 | Coc:7    | Reached skill level 24 in Air Magic
 91859 | Coc:7    | Reached skill level 6 in Dodging
 92121 | Coc:7    | Found the +3 crown of Dyrovepreva {rElec Int+2 SInv}
 92228 | Coc:7    | Noticed the Serpent of Hell
 92233 | Coc:7    | Killed the Serpent of Hell
 92254 | Coc:7    | Reached skill level 9 in Dodging
 92385 | Coc:7    | Noticed Antaeus
 92397 | Coc:7    | Killed Antaeus
 92420 | Coc:7    | Got an icy rune of Zot
 92511 | Dis:1    | Entered Level 1 of the Iron City of Dis
 92832 | Dis:5    | Reached skill level 12 in Dodging
 92903 | Dis:5    | Reached skill level 24 in Translocations
 92960 | Dis:7    | Entered Level 7 of the Iron City of Dis
 93309 | Dis:7    | Reached skill level 24 in Spellcasting
 93433 | Dis:7    | Noticed Dispater
 93445 | Dis:7    | Killed Dispater
 93467 | Dis:7    | Identified the +8 eveningstar "Bafeipt" {holy, Dex+3} (You
                  | found it on level 7 of the Iron City of Dis)
 93471 | Dis:7    | Got an iron rune of Zot
 93617 | Hell     | Lost mutation: You are weak. (Str -2) [potion of mutation]
 93617 | Hell     | Lost mutation: Your tail ends in a poisonous barb. [potion
                  | of mutation]
 93617 | Hell     | Lost mutation: Your body often deteriorates upon taking
                  | damage. [potion of mutation]
 93617 | Hell     | Gained mutation: Your muscles are strong. (Str +2) [potion
                  | of mutation]
 93621 | Hell     | Lost mutation: You frequently scream uncontrollably at your
                  | foes. [potion of mutation]
 93621 | Hell     | Lost mutation: You passively map a small area around you.
                  | [potion of mutation]
 93621 | Hell     | Lost mutation: Your muscles are strong. (Str +2) [potion of
                  | mutation]
 93621 | Hell     | Lost mutation: You possess an exceptional clarity of mind.
                  | [potion of mutation]
 93621 | Hell     | Gained mutation: You are clumsy. (Dex -2) [potion of
                  | mutation]
 93621 | Hell     | Gained mutation: Your magical capacity is low. (-10% MP)
                  | [potion of mutation]
 93621 | Hell     | Gained mutation: You tend to lose your temper in combat.
                  | [potion of mutation]
 93621 | Hell     | Lost mutation: You are frail. (-10% HP) [potion of
                  | mutation]
 93622 | Hell     | Lost mutation: Your body sometimes deteriorates upon taking
                  | damage. [potion of mutation]
 93622 | Hell     | Lost mutation: You sometimes yell uncontrollably at your
                  | foes. [potion of mutation]
 93622 | Hell     | Lost mutation: You are dopey. (Int -2) [potion of mutation]
 93622 | Hell     | Gained mutation: You can exhale a cloud of poison. [potion
                  | of mutation]
 93624 | Hell     | Lost mutation: You can exhale a cloud of poison. [potion of
                  | mutation]
 93624 | Hell     | Lost mutation: Your magical capacity is low. (-10% MP)
                  | [potion of mutation]
 93624 | Hell     | Lost mutation: You occasionally shout uncontrollably at
                  | your foes. [potion of mutation]
 93624 | Hell     | Lost mutation: You are clumsy. (Dex -2) [potion of
                  | mutation]
 93624 | Hell     | Gained mutation: You are agile. (Dex +2) [potion of
                  | mutation]
 93625 | Hell     | Lost mutation: You are agile. (Dex +2) [potion of mutation]
 93625 | Hell     | Lost mutation: You tend to lose your temper in combat.
                  | [potion of mutation]
 93625 | Hell     | Gained mutation: You can translocate small distances at
                  | will. [potion of mutation]
 93625 | Hell     | Gained mutation: You are robust. (+10% HP) [potion of
                  | mutation]
 93735 | Pan      | Entered the realm of Cerebov.
 93735 | Pan      | Entered Pandemonium
 93806 | Pan      | Noticed Cerebov
 93826 | Pan      | Killed Cerebov
 93892 | Pan      | Got a translucent ivory ring
 93893 | Pan      | Identified the ring of Hoanam {AC+3 Slay+6} (You found it
                  | in Pandemonium)
 93913 | Pan      | Identified the +0 cloak of Qaus {rC+} (You found it in
                  | Pandemonium)
 93946 | Pan      | Got a fiery rune of Zot
 94341 | Pan      | Noticed Fexix the pandemonium lord
 94352 | Pan      | Killed Fexix the pandemonium lord
 94458 | Pan      | Entered the realm of Lom Lobon.
 94663 | Pan      | Noticed Lom Lobon
 94678 | Pan      | Killed Lom Lobon
 94688 | Pan      | Got a magical rune of Zot
 94800 | Pan      | Entered the realm of Mnoleg.
 94846 | Pan      | Gained mutation: Potions are less effective at restoring
                  | your health. [a cacodemon]
 94859 | Pan      | Gained mutation: You are clumsy. (Dex -2) [a cacodemon]
 94887 | Pan      | Gained mutation: You are very clumsy. (Dex -4) [a neqoxec]
 94890 | Pan      | Noticed Mnoleg
 94891 | Pan      | Gained mutation: You are weak. (Str -2) [a cacodemon]
 94895 | Pan      | Killed Mnoleg
 94982 | Pan      | Identified the +1 pair of gloves "Bumugh" {Str+3} (You
                  | found it in Pandemonium)
 95038 | Pan      | Got a glowing rune of Zot
 95428 | Pan      | Found a white marble altar of Elyvilon.
 95448 | Pan      | Reached skill level 27 in Spellcasting
 95692 | Pan      | Identified the +0 large shield of Fauvomekk {Regen+} (You
                  | took it off a daeva in Pandemonium)
 95878 | Pan      | Found a glowing silver altar of Zin.
 95977 | Pan      | Noticed a seraph
 95982 | Pan      | Killed a seraph
 95986 | Pan      | Found a glowing golden altar of the Shining One.
 96019 | Pan      | Got a demonic rune of Zot
 96240 | Pan      | Found an exit through the horrors of the Abyss.
 96253 | Pan      | Took an exit into the Abyss.
 96253 | Abyss:1  | Escaped into the Abyss
 96339 | Abyss:1  | Gained mutation: You do not regenerate when monsters are
                  | visible. [a neqoxec]
 96371 | Abyss:1  | Lost mutation: You are weak. (Str -2) [potion of mutation]
 96371 | Abyss:1  | Lost mutation: Potions are less effective at restoring your
                  | health. [potion of mutation]
 96371 | Abyss:1  | Lost mutation: You are very clumsy. (Dex -4) [potion of
                  | mutation]
 96371 | Abyss:1  | Gained mutation: You are surrounded by a mild repulsion
                  | field. (EV +2) [potion of mutation]
 96371 | Abyss:1  | Gained mutation: You are resistant to electric shocks.
                  | (rElec) [potion of mutation]
 96371 | Abyss:1  | Gained mutation: Your tail ends in a poisonous barb.
                  | [potion of mutation]
 96684 | Abyss:4  | Got an abyssal rune of Zot
 96691 | Depths:3 | Escaped the Abyss
 96879 | Zot:5    | Noticed an orb of fire
 96882 | Zot:5    | Gained mutation: You are dopey. (Int -2) [an orb of fire]
 96885 | Zot:5    | Killed an orb of fire
 96887 | Zot:5    | Killed an orb of fire
 96924 | Zot:5    | Noticed an orb of fire
 96929 | Zot:5    | Gained mutation: You tend to lose your temper in combat.
                  | [an orb of fire]
 96935 | Zot:5    | Killed an orb of fire
 97050 | Zot:5    | Reached skill level 27 in Air Magic
 97064 | Zot:5    | Noticed an orb of fire
 97068 | Zot:5    | Killed an orb of fire
 97154 | Zot:5    | Got the Orb of Zot
 97252 | Zot:2    | Noticed Fobbih the pandemonium lord
 97261 | Zot:2    | Killed Fobbih the pandemonium lord
 97762 | D:$      | Escaped with the Orb!

Skill      XL: |  1  2  3  4  5  6  7  8  9 10 11 12 13 14 15 16 17 18 19 20 21 22 23 24 25 26 27 |
---------------+----------------------------------------------------------------------------------+-----
Poison Magic   | 5 6 7 |  7.1
Spellcasting   | 3 4 5 6 7 8 9 10 11 12 27 | 27.0
Fighting       | 1 3 4 6 8 10 12 14 15 18 21 22 27 | 27.0
Maces & Flails | 1 3 4 |  4.0
Armour         | 1 2 12 | 12.0
Air Magic      | 1 3 7 9 27 | 27.0
Necromancy     | 3 7 8 19 | 19.0
Charms         | 3 4 |  4.0
Dodging        | 2 12 | 12.0
Stealth        | 5 7 12 | 12.0
Invocations    | 6 7 10 12 | 12.0
Transmutations | 1 6 8 12 | 12.0
Earth Magic    | 1 6 10 15 18 21 23 27 | 27.0
Evocations     | 4 7 8 10 12 | 12.0
Unarmed Combat | 2 8 10 12 13 14 15 27 | 27.0
Shields        | 3 7 9 15 | 15.0
Summonings     | 2 4 6 |  6.0
Translocations | 26 | 26.2
Conjurations   | |  1.0

Action                   |  1- 3 |  4- 6 |  7- 9 | 10-12 | 13-15 | 16-18 | 19-21 | 22-24 | 25-27 || total
-------------------------+-------+-------+-------+-------+-------+-------+-------+-------+-------++-------
Melee: Unarmed           |    23 |    18 |       |       |   763 |   887 |   700 |   766 |  5895 ||  9052
       Whip              |       |    16 |   180 |   420 |     5 |       |       |       |       ||   621
       Punch             |       |       |       |     1 |    47 |     9 |    11 |       |       ||    68
       Constrict         |       |       |       |       |   171 |   202 |   139 |    87 |  1092 ||  1691
       Staff             |       |       |       |       |     3 |       |       |       |     7 ||    10
       Tailslap          |       |       |       |       |       |       |       |       |   847 ||   847
Throw: Throwing net      |       |       |       |       |       |       |       |       |     2 ||     2
 Cast: Sting             |    13 |     4 |     1 |       |       |       |       |       |       ||    18
       Poisonous Vapours |    10 |    54 |    66 |    64 |    72 |    42 |    22 |       |       ||   330
       Olgreb's Toxic Ra |       |       |    14 |    43 |    43 |    38 |    30 |       |       ||   168
       Mephitic Cloud    |       |       |    13 |    41 |    30 |    19 |    32 |     1 |     1 ||   137
       Regeneration      |       |       |     2 |     2 |    27 |    29 |    18 |    26 |   189 ||   293
       Animate Skeleton  |       |       |     1 |     1 |    12 |     6 |     7 |       |     2 ||    29
       Petrify           |       |       |       |    13 |    26 |    11 |       |       |       ||    50
       Blade Hands       |       |       |       |       |    45 |    13 |    15 |       |       ||    73
       Summon Lightning  |       |       |       |       |     6 |   122 |    52 |    49 |   111 ||   340
       Deflect Missiles  |       |       |       |       |       |     8 |     4 |     2 |     8 ||    22
       Statue Form       |       |       |       |       |       |       |    39 |    52 |   473 ||   564
       Airstrike         |       |       |       |       |       |       |    10 |    50 |    13 ||    73
       Lee's Rapid Decon |       |       |       |       |       |       |       |    41 |    28 ||    69
       Shatter           |       |       |       |       |       |       |       |     7 |   252 ||   259
       Lesser Beckoning  |       |       |       |       |       |       |       |       |   523 ||   523
       Controlled Blink  |       |       |       |       |       |       |       |       |    65 ||    65
       Malign Gateway    |       |       |       |       |       |       |       |       |    35 ||    35
       Tornado           |       |       |       |       |       |       |       |       |    28 ||    28
       Iron Shot         |       |       |       |       |       |       |       |       |    25 ||    25
       Blink             |       |       |       |       |       |       |       |       |    15 ||    15
       Necromutation     |       |       |       |       |       |       |       |       |     6 ||     6
       Passage of Golubr |       |       |       |       |       |       |       |       |     2 ||     2
       Aura of Abjuratio |       |       |       |       |       |       |       |       |     2 ||     2
       Borgnjor's Revivi |       |       |       |       |       |       |       |       |     1 ||     1
Invok: Slouch            |       |       |       |     7 |     7 |     4 |    16 |     9 |    13 ||    56
       Bend Time         |       |       |       |       |     2 |     1 |       |       |       ||     3
       Temporal Distorti |       |       |       |       |     1 |     4 |     1 |       |    12 ||    18
 Abil: Spit Poison       |    12 |    10 |    13 |     7 |    12 |     3 |       |       |       ||    57
       End Transformatio |       |       |       |       |     4 |       |       |       |     7 ||    11
       Evoke Invisibilit |       |       |       |       |       |       |       |       |     2 ||     2
Evoke: Wand              |       |       |       |    16 |    30 |    68 |    31 |     8 |    12 ||   165
       Lightning rod     |       |       |       |       |       |       |     1 |       |     5 ||     6
       Lamp of fire      |       |       |       |       |       |       |       |     1 |     4 ||     5
       Sack of spiders   |       |       |       |       |       |       |       |       |     5 ||     5
  Use: Scroll            |       |       |    14 |    12 |    12 |     2 |    11 |    13 |   114 ||   178
       Potion            |       |       |     3 |     2 |       |     2 |     1 |     4 |    46 ||    58
 Stab: Sleeping          |     4 |       |     6 |     5 |    17 |    16 |     5 |     3 |    11 ||    67
       Distracted        |       |       |     2 |     2 |    11 |    43 |    11 |    14 |    56 ||   139
       Confused          |       |       |     1 |    13 |    14 |     6 |    23 |     1 |       ||    58
       Paralysed         |       |       |       |     3 |     3 |     1 |       |       |     6 ||    13
       Petrified         |       |       |       |     5 |    52 |    16 |       |       |     3 ||    76
       Invisible         |       |       |       |     1 |       |       |       |       |     1 ||     2
       Petrifying        |       |       |       |       |    12 |     3 |       |       |     1 ||    16
  Eat: Chunk             |     2 |    10 |     8 |    13 |    30 |    20 |    24 |    16 |    28 ||   151
       Ration            |       |       |     1 |    12 |     1 |     4 |     2 |     4 |    38 ||    62
Armor: Robe              |    16 |     2 |       |       |       |       |       |       |   172 ||   190
       Leather armour    |       |     2 |    63 |   159 |   212 |   232 |    80 |    30 |     2 ||   780
       Skin              |       |       |     8 |       |       |     3 |   339 |   530 |  3165 ||  4045
Dodge: Dodged            |    35 |    33 |    97 |   222 |   386 |   202 |   250 |   330 |  1969 ||  3524
       Deflected         |       |       |       |       |       |    60 |    50 |    64 |    67 ||   241
Block: Other             |       |       |       |    38 |    37 |    17 |     8 |       |       ||   100
       Reflection        |       |       |       |       |     4 |    99 |   122 |    27 |   184 ||   436
       Shield            |       |       |       |       |   239 |   685 |   731 |   871 |  1207 ||  3733
       Large shield      |       |       |       |       |       |       |       |       |  7430 ||  7430
